Workbook
Name budget: #REF!
Name compte: #REF!
Name HYPA: #REF!
Name HypBatt: #REF!
Name HYPT: #REF!
Name HYPT1: #REF!
Name HYPT2: #REF!
Name HYPT3: #REF!
Name HYPT4: #REF!
Name SalairesINTERIM: #REF!
Name SalairesPRESTA: #REF!
Name SalairesPVI: #REF!
Name salairesTOT: #REF!
Name section: #REF!
Name service: #REF!
Name SERVICES: '[1]détail listes déroulantes'!$A$28:$C$44
Name statuts: DIVERS!$E$2:$E$6
Name Tableau_TxHRS: DIVERS!$A$2:$C$11
Name TxBE: DIVERS!$C$3
Name TxESCAL: DIVERS!$C$2
Name TxGTIE: DIVERS!$C$5
Name txHRS: DIVERS!$A$1:$C$11
Name TxMNT: DIVERS!$C$6
Name TxPROD: DIVERS!$C$8
Name TxSRS: DIVERS!$C$9

Sheet DIVERS
A1: Moypro | B1: ProjHRS | C1: txHRS | E1: statuts | G1: Type projet | I1: PRODUITS détail | K1: Client | M1: Type ligne
A2: Qté MO ESC | B2: SHRSSRSCEC | C2: -47.150192 | E2: Prév | G2: VDP | M2: Acompte | N2: Tot VTE
A3: Qté MO BE | B3: SHRSSIPBEX | C3: -60.808225 | E3: Acompte | M3: CA | N3: Tot VTE
A4: FG | E4: Facturé | M4: Subventions | N4: Tot VTE
A5: Qté MO GTIE | B5: SHRSSRSGTI | C5: -74.831458 | E5: Cdec | I5: GTIES | M5: TEC | N5: €TEC FERRRO-R&D
A6: Qté MO MNT | B6: SHRSSIPMNT | C6: -27.658063 | E6: Négo | M6: Achats pièces | N6: €ACH ProdPVI
A7: Qté MO PR | B7: SSCEPR | C7: -80 | M7: Achats prestations | N7: €ACH Sces+div
A8: Qté MO PROD | B8: SHRSPRO | C8: -43.110546 | M8: Qté MO ESC | N8: Qté MO ESC
A9: Qté MO SRS | B9: SHRSSRSARZ | C9: -39.608468 | M9: Qté MO BE | N9: Qté MO BE
M10: Qté MO GTIE | N10: Qté MO GTIE
M11: Qté MO MNT | N11: Qté MO MNT
M12: Qté MO PR | N12: Qté MO PR
A13: TAUX FG | B13: -0.36140262 | M13: Qté MO PROD | N13: Qté MO PROD
M14: Qté MO SRS | N14: Qté MO SRS
M15: MO
M16: FG
M17: TOTAL
K24: NA

Sheet LIBELLE
A1: projet | B1: Libellé | C1: PRODUIT | D1: Type projet | E1: STATUT PROJET | F1: CLIENT
A2: SRS global | B2: Global SRS | C2: GTIES | D2: VDP | E2: Prév | F2: NA
A3: VI gaz | B3: MIDLUM_PREMIUM | C3: GTIES | D3: VDP | E3: Prév | F3: NA
A4: O2X/APT | B4: OREOS 2X_APTINEO | C4: GTIES | D4: VDP | E4: Prév | F4: NA
A5: O4X | B5: OREOS 4X | C5: GTIES | D5: VDP | E5: Prév | F5: NA
A6: MAX | B6: MAXITY | C6: GTIES | D6: VDP | E6: Prév | F6: NA
A7: C-LESS | B7: C-LESS 26T | C7: GTIES | D7: VDP | E7: Prév | F7: NA
A8: RNT (X002109) | B8: Remise à Niveau Technique | C8: GTIES | D8: VDP | E8: Prév | F8: NA
A9: G000000 | B9: Recette FG | C9: GTIES | D9: VDP | E9: Prév | F9: NA
A10: CKD | B10: Kits CKD (Haide,…) | C10: GTIES | D10: VDP | E10: Prév | F10: NA
A11: GTIES - A RENSEIGNER | B11: GTIES - A RENSEIGNER | C11: GTIES | D11: VDP | E11: Prév | F11: NA

Sheet BASE BUDGETS
A1: Projet | B1: Libellé | C1: Type projet | D1: Client | E1: PRODUIT | F1: STATUT PROJET | G1: Type ligne | H1: TYPE Autre | I1: Cumulé à fin 2014 | J1: 31/01/2015 | K1: 28/02/2015 | L1: 31/03/2015 | M1: 30/04/2015 | N1: 31/05/2015 | O1: 30/06/2015 | P1: 31/07/2015 | Q1: 31/08/2015 | R1: 30/09/2015 | S1: 31/10/2015 | T1: 30/11/2015 | U1: 31/12/2015 | V1: TOTAL 2015
A2: SRS global | B2: =VLOOKUP($A2,LIBELLE!$A:$B,2,FALSE) -> Global SRS | C2: =VLOOKUP($A2,LIBELLE!A:D,4,FALSE) -> VDP | D2: =VLOOKUP($A2,LIBELLE!A:F,6,FALSE) -> NA | E2: =VLOOKUP($A2,LIBELLE!$A:$C,3,FALSE) -> GTIES | F2: =IF($G2="Acompte","Acompte",VLOOKUP($A2,LIBELLE!A:E,5,FALSE)) -> Prév | G2: CA | H2: =IF(ISNA(VLOOKUP($G2,DIVERS!$M$1:$N$15,2,FALSE)),"",VLOOKUP($G2,DIVERS!$M$1:$N$15,2,FALSE)) -> Tot VTE | J2: 0 | V2: =SUM(Tableau3[[#This Row],[31/01/2015]:[31/12/2015]]) -> 0
A3: SRS global | B3: =VLOOKUP($A3,LIBELLE!$A:$B,2,FALSE) -> Global SRS | C3: =VLOOKUP($A3,LIBELLE!A:D,4,FALSE) -> VDP | D3: =VLOOKUP($A3,LIBELLE!A:F,6,FALSE) -> NA | E3: =VLOOKUP($A3,LIBELLE!$A:$C,3,FALSE) -> GTIES | F3: =IF($G3="Acompte","Acompte",VLOOKUP($A3,LIBELLE!A:E,5,FALSE)) -> Prév | G3: TEC | H3: =IF(ISNA(VLOOKUP($G3,DIVERS!$M$1:$N$15,2,FALSE)),"",VLOOKUP($G3,DIVERS!$M$1:$N$15,2,FALSE)) -> €TEC FERRRO-R&D | V3: =SUM(Tableau3[[#This Row],[31/01/2015]:[31/12/2015]]) -> 0
A4: SRS global | B4: =VLOOKUP($A4,LIBELLE!$A:$B,2,FALSE) -> Global SRS | C4: =VLOOKUP($A4,LIBELLE!A:D,4,FALSE) -> VDP | D4: =VLOOKUP($A4,LIBELLE!A:F,6,FALSE) -> NA | E4: =VLOOKUP($A4,LIBELLE!$A:$C,3,FALSE) -> GTIES | F4: =IF($G4="Acompte","Acompte",VLOOKUP($A4,LIBELLE!A:E,5,FALSE)) -> Prév | G4: Achats pièces | H4: =IF(ISNA(VLOOKUP($G4,DIVERS!$M$1:$N$15,2,FALSE)),"",VLOOKUP($G4,DIVERS!$M$1:$N$15,2,FALSE)) -> €ACH ProdPVI | J4: -4103 | K4: -1000 | L4: -1000 | M4: -1000 | N4: -1000 | O4: -1000 | P4: -1000 | Q4: -1000 | R4: -1000 | S4: -1000 | T4: -1000 | U4: -1000 | V4: =SUM(Tableau3[[#This Row],[31/01/2015]:[31/12/2015]]) -> -15103
A5: SRS global | B5: =VLOOKUP($A5,LIBELLE!$A:$B,2,FALSE) -> Global SRS | C5: =VLOOKUP($A5,LIBELLE!A:D,4,FALSE) -> VDP | D5: =VLOOKUP($A5,LIBELLE!A:F,6,FALSE) -> NA | E5: =VLOOKUP($A5,LIBELLE!$A:$C,3,FALSE) -> GTIES | F5: =IF($G5="Acompte","Acompte",VLOOKUP($A5,LIBELLE!A:E,5,FALSE)) -> Prév | G5: Achats prestations | H5: =IF(ISNA(VLOOKUP($G5,DIVERS!$M$1:$N$15,2,FALSE)),"",VLOOKUP($G5,DIVERS!$M$1:$N$15,2,FALSE)) -> €ACH Sces+div | V5: =SUM(Tableau3[[#This Row],[31/01/2015]:[31/12/2015]]) -> 0
A6: SRS global | B6: =VLOOKUP($A6,LIBELLE!$A:$B,2,FALSE) -> Global SRS | C6: =VLOOKUP($A6,LIBELLE!A:D,4,FALSE) -> VDP | D6: =VLOOKUP($A6,LIBELLE!A:F,6,FALSE) -> NA | E6: =VLOOKUP($A6,LIBELLE!$A:$C,3,FALSE) -> GTIES | F6: =IF($G6="Acompte","Acompte",VLOOKUP($A6,LIBELLE!A:E,5,FALSE)) -> Prév | G6: Qté MO GTIE | H6: =IF(ISNA(VLOOKUP($G6,DIVERS!$M$1:$N$15,2,FALSE)),"",VLOOKUP($G6,DIVERS!$M$1:$N$15,2,FALSE)) -> Qté MO GTIE | J6: 21 | V6: =SUM(Tableau3[[#This Row],[31/01/2015]:[31/12/2015]]) -> 21
A7: SRS global | B7: =VLOOKUP($A7,LIBELLE!$A:$B,2,FALSE) -> Global SRS | C7: =VLOOKUP($A7,LIBELLE!A:D,4,FALSE) -> VDP | D7: =VLOOKUP($A7,LIBELLE!A:F,6,FALSE) -> NA | E7: =VLOOKUP($A7,LIBELLE!$A:$C,3,FALSE) -> GTIES | F7: =IF($G7="Acompte","Acompte",VLOOKUP($A7,LIBELLE!A:E,5,FALSE)) -> Prév | G7: Qté MO SRS | H7: =IF(ISNA(VLOOKUP($G7,DIVERS!$M$1:$N$15,2,FALSE)),"",VLOOKUP($G7,DIVERS!$M$1:$N$15,2,FALSE)) -> Qté MO SRS | J7: 27 | K7: 30 | L7: 30 | M7: 30 | N7: 30 | O7: 30 | P7: 30 | Q7: =30-18 -> 12 | R7: 30 | S7: 30 | T7: 30 | U7: 30 | V7: =SUM(Tableau3[[#This Row],[31/01/2015]:[31/12/2015]]) -> 339
A8: SRS global | B8: =VLOOKUP($A8,LIBELLE!$A:$B,2,FALSE) -> Global SRS | C8: =VLOOKUP($A8,LIBELLE!A:D,4,FALSE) -> VDP | D8: =VLOOKUP($A8,LIBELLE!A:F,6,FALSE) -> NA | E8: =VLOOKUP($A8,LIBELLE!$A:$C,3,FALSE) -> GTIES | F8: =IF($G8="Acompte","Acompte",VLOOKUP($A8,LIBELLE!A:E,5,FALSE)) -> Prév | G8: MO | H8: =IF(ISNA(VLOOKUP($G8,DIVERS!$M$1:$N$15,2,FALSE)),"",VLOOKUP($G8,DIVERS!$M$1:$N$15,2,FALSE)) -> 0 | J8: =J6*TxGTIE+J7*TxSRS -> -2640.8893 | K8: =K6*TxGTIE+K7*TxSRS -> -1188.254 | L8: =L6*TxGTIE+L7*TxSRS -> -1188.254 | M8: =M6*TxGTIE+M7*TxSRS -> -1188.254 | N8: =N6*TxGTIE+N7*TxSRS -> -1188.254 | O8: =O6*TxGTIE+O7*TxSRS -> -1188.254 | P8: =P6*TxGTIE+P7*TxSRS -> -1188.254 | Q8: =Q6*TxGTIE+Q7*TxSRS -> -475.30161 | ... U8: =U6*TxGTIE+U7*TxSRS -> -1188.254 | V8: =SUM(Tableau3[[#This Row],[31/01/2015]:[31/12/2015]]) -> -14998.731
A9: SRS global | B9: =VLOOKUP($A9,LIBELLE!$A:$B,2,FALSE) -> Global SRS | C9: =VLOOKUP($A9,LIBELLE!A:D,4,FALSE) -> VDP | D9: =VLOOKUP($A9,LIBELLE!A:F,6,FALSE) -> NA | E9: =VLOOKUP($A9,LIBELLE!$A:$C,3,FALSE) -> GTIES | F9: =IF($G9="Acompte","Acompte",VLOOKUP($A9,LIBELLE!A:E,5,FALSE)) -> Prév | G9: FG | H9: =IF(ISNA(VLOOKUP($G9,DIVERS!$M$1:$N$15,2,FALSE)),"",VLOOKUP($G9,DIVERS!$M$1:$N$15,2,FALSE)) | J9: =SUMIF($G2:$G8,"=CA",J2:J8)*DIVERS!$B$13 -> 0 | K9: =SUMIF($G2:$G8,"=CA",K2:K8)*DIVERS!$B$13 -> 0 | L9: =SUMIF($G2:$G8,"=CA",L2:L8)*DIVERS!$B$13 -> 0 | M9: =SUMIF($G2:$G8,"=CA",M2:M8)*DIVERS!$B$13 -> 0 | N9: =SUMIF($G2:$G8,"=CA",N2:N8)*DIVERS!$B$13 -> 0 | O9: =SUMIF($G2:$G8,"=CA",O2:O8)*DIVERS!$B$13 -> 0 | P9: =SUMIF($G2:$G8,"=CA",P2:P8)*DIVERS!$B$13 -> 0 | Q9: =SUMIF($G2:$G8,"=CA",Q2:Q8)*DIVERS!$B$13 -> 0 | ... U9: =SUMIF($G2:$G8,"=CA",U2:U8)*DIVERS!$B$13 -> 0 | V9: =SUM(Tableau3[[#This Row],[31/01/2015]:[31/12/2015]]) -> 0
A10: SRS global | B10: =VLOOKUP($A10,LIBELLE!$A:$B,2,FALSE) -> Global SRS | C10: =VLOOKUP($A10,LIBELLE!A:D,4,FALSE) -> VDP | D10: =VLOOKUP($A10,LIBELLE!A:F,6,FALSE) -> NA | E10: =VLOOKUP($A10,LIBELLE!$A:$C,3,FALSE) -> GTIES | F10: =IF($G10="Acompte","Acompte",VLOOKUP($A10,LIBELLE!A:E,5,FALSE)) -> Prév | G10: TOTAL | H10: =IF(ISNA(VLOOKUP($G10,DIVERS!$M$1:$N$15,2,FALSE)),"",VLOOKUP($G10,DIVERS!$M$1:$N$15,2,FALSE)) | J10: =SUM(J2:J5,J8:J9) -> -6743.8893 | K10: =SUM(K2:K5,K8:K9) -> -2188.254 | L10: =SUM(L2:L5,L8:L9) -> -2188.254 | M10: =SUM(M2:M5,M8:M9) -> -2188.254 | N10: =SUM(N2:N5,N8:N9) -> -2188.254 | O10: =SUM(O2:O5,O8:O9) -> -2188.254 | P10: =SUM(P2:P5,P8:P9) -> -2188.254 | Q10: =SUM(Q2:Q5,Q8:Q9) -> -1475.3016 | ... U10: =SUM(U2:U5,U8:U9) -> -2188.254 | V10: =SUM(Tableau3[[#This Row],[31/01/2015]:[31/12/2015]]) -> -30101.731
A11: VI gaz | B11: =VLOOKUP($A11,LIBELLE!$A:$B,2,FALSE) -> MIDLUM_PREMIUM | C11: =VLOOKUP($A11,LIBELLE!A:D,4,FALSE) -> VDP | D11: =VLOOKUP($A11,LIBELLE!A:F,6,FALSE) -> NA | E11: =VLOOKUP($A11,LIBELLE!$A:$C,3,FALSE) -> GTIES | F11: =IF($G11="Acompte","Acompte",VLOOKUP($A11,LIBELLE!A:E,5,FALSE)) -> Prév | G11: CA | H11: =IF(ISNA(VLOOKUP($G11,DIVERS!$M$1:$N$15,2,FALSE)),"",VLOOKUP($G11,DIVERS!$M$1:$N$15,2,FALSE)) -> Tot VTE | J11: 0 | V11: =SUM(Tableau3[[#This Row],[31/01/2015]:[31/12/2015]]) -> 0
A12: VI gaz | B12: =VLOOKUP($A12,LIBELLE!$A:$B,2,FALSE) -> MIDLUM_PREMIUM | C12: =VLOOKUP($A12,LIBELLE!A:D,4,FALSE) -> VDP | D12: =VLOOKUP($A12,LIBELLE!A:F,6,FALSE) -> NA | E12: =VLOOKUP($A12,LIBELLE!$A:$C,3,FALSE) -> GTIES | F12: =IF($G12="Acompte","Acompte",VLOOKUP($A12,LIBELLE!A:E,5,FALSE)) -> Prév | G12: TEC | H12: =IF(ISNA(VLOOKUP($G12,DIVERS!$M$1:$N$15,2,FALSE)),"",VLOOKUP($G12,DIVERS!$M$1:$N$15,2,FALSE)) -> €TEC FERRRO-R&D | V12: =SUM(Tableau3[[#This Row],[31/01/2015]:[31/12/2015]]) -> 0
A13: VI gaz | B13: =VLOOKUP($A13,LIBELLE!$A:$B,2,FALSE) -> MIDLUM_PREMIUM | C13: =VLOOKUP($A13,LIBELLE!A:D,4,FALSE) -> VDP | D13: =VLOOKUP($A13,LIBELLE!A:F,6,FALSE) -> NA | E13: =VLOOKUP($A13,LIBELLE!$A:$C,3,FALSE) -> GTIES | F13: =IF($G13="Acompte","Acompte",VLOOKUP($A13,LIBELLE!A:E,5,FALSE)) -> Prév | G13: Achats pièces | H13: =IF(ISNA(VLOOKUP($G13,DIVERS!$M$1:$N$15,2,FALSE)),"",VLOOKUP($G13,DIVERS!$M$1:$N$15,2,FALSE)) -> €ACH ProdPVI | J13: -169.76 | K13: -2200 | L13: -2200 | M13: -2200 | N13: -2200 | O13: -2200 | P13: -2200 | Q13: -2200 | R13: -2200 | S13: -2200 | T13: -2200 | U13: -2200 | V13: =SUM(Tableau3[[#This Row],[31/01/2015]:[31/12/2015]]) -> -24369.76
A14: VI gaz | B14: =VLOOKUP($A14,LIBELLE!$A:$B,2,FALSE) -> MIDLUM_PREMIUM | C14: =VLOOKUP($A14,LIBELLE!A:D,4,FALSE) -> VDP | D14: =VLOOKUP($A14,LIBELLE!A:F,6,FALSE) -> NA | E14: =VLOOKUP($A14,LIBELLE!$A:$C,3,FALSE) -> GTIES | F14: =IF($G14="Acompte","Acompte",VLOOKUP($A14,LIBELLE!A:E,5,FALSE)) -> Prév | G14: Achats prestations | H14: =IF(ISNA(VLOOKUP($G14,DIVERS!$M$1:$N$15,2,FALSE)),"",VLOOKUP($G14,DIVERS!$M$1:$N$15,2,FALSE)) -> €ACH Sces+div | J14: 3708 | K14: -15691 | V14: =SUM(Tableau3[[#This Row],[31/01/2015]:[31/12/2015]]) -> -11983
A15: VI gaz | B15: =VLOOKUP($A15,LIBELLE!$A:$B,2,FALSE) -> MIDLUM_PREMIUM | C15: =VLOOKUP($A15,LIBELLE!A:D,4,FALSE) -> VDP | D15: =VLOOKUP($A15,LIBELLE!A:F,6,FALSE) -> NA | E15: =VLOOKUP($A15,LIBELLE!$A:$C,3,FALSE) -> GTIES | F15: =IF($G15="Acompte","Acompte",VLOOKUP($A15,LIBELLE!A:E,5,FALSE)) -> Prév | G15: Qté MO GTIE | H15: =IF(ISNA(VLOOKUP($G15,DIVERS!$M$1:$N$15,2,FALSE)),"",VLOOKUP($G15,DIVERS!$M$1:$N$15,2,FALSE)) -> Qté MO GTIE | J15: 27 | K15: 5 | L15: 5 | M15: 5 | N15: 5 | O15: 5 | P15: 5 | Q15: 5 | R15: 5 | S15: 5 | T15: 5 | U15: 5 | V15: =SUM(Tableau3[[#This Row],[31/01/2015]:[31/12/2015]]) -> 82
A16: VI gaz | B16: =VLOOKUP($A16,LIBELLE!$A:$B,2,FALSE) -> MIDLUM_PREMIUM | C16: =VLOOKUP($A16,LIBELLE!A:D,4,FALSE) -> VDP | D16: =VLOOKUP($A16,LIBELLE!A:F,6,FALSE) -> NA | E16: =VLOOKUP($A16,LIBELLE!$A:$C,3,FALSE) -> GTIES | F16: =IF($G16="Acompte","Acompte",VLOOKUP($A16,LIBELLE!A:E,5,FALSE)) -> Prév | G16: Qté MO SRS | H16: =IF(ISNA(VLOOKUP($G16,DIVERS!$M$1:$N$15,2,FALSE)),"",VLOOKUP($G16,DIVERS!$M$1:$N$15,2,FALSE)) -> Qté MO SRS | J16: 20.85 | V16: =SUM(Tableau3[[#This Row],[31/01/2015]:[31/12/2015]]) -> 20.85
A17: VI gaz | B17: =VLOOKUP($A17,LIBELLE!$A:$B,2,FALSE) -> MIDLUM_PREMIUM | C17: =VLOOKUP($A17,LIBELLE!A:D,4,FALSE) -> VDP | D17: =VLOOKUP($A17,LIBELLE!A:F,6,FALSE) -> NA | E17: =VLOOKUP($A17,LIBELLE!$A:$C,3,FALSE) -> GTIES | F17: =IF($G17="Acompte","Acompte",VLOOKUP($A17,LIBELLE!A:E,5,FALSE)) -> Prév | G17: MO | H17: =IF(ISNA(VLOOKUP($G17,DIVERS!$M$1:$N$15,2,FALSE)),"",VLOOKUP($G17,DIVERS!$M$1:$N$15,2,FALSE)) -> 0 | J17: =J15*TxGTIE+J16*TxSRS -> -2846.2859 | K17: =K15*TxGTIE+K16*TxSRS -> -374.15729 | L17: =L15*TxGTIE+L16*TxSRS -> -374.15729 | M17: =M15*TxGTIE+M16*TxSRS -> -374.15729 | N17: =N15*TxGTIE+N16*TxSRS -> -374.15729 | O17: =O15*TxGTIE+O16*TxSRS -> -374.15729 | P17: =P15*TxGTIE+P16*TxSRS -> -374.15729 | Q17: =Q15*TxGTIE+Q16*TxSRS -> -374.15729 | ... U17: =U15*TxGTIE+U16*TxSRS -> -374.15729 | V17: =SUM(Tableau3[[#This Row],[31/01/2015]:[31/12/2015]]) -> -6962.0161
A18: VI gaz | B18: =VLOOKUP($A18,LIBELLE!$A:$B,2,FALSE) -> MIDLUM_PREMIUM | C18: =VLOOKUP($A18,LIBELLE!A:D,4,FALSE) -> VDP | D18: =VLOOKUP($A18,LIBELLE!A:F,6,FALSE) -> NA | E18: =VLOOKUP($A18,LIBELLE!$A:$C,3,FALSE) -> GTIES | F18: =IF($G18="Acompte","Acompte",VLOOKUP($A18,LIBELLE!A:E,5,FALSE)) -> Prév | G18: FG | H18: =IF(ISNA(VLOOKUP($G18,DIVERS!$M$1:$N$15,2,FALSE)),"",VLOOKUP($G18,DIVERS!$M$1:$N$15,2,FALSE)) | J18: =SUMIF($G11:$G17,"=CA",J11:J17)*DIVERS!$B$13 -> 0 | K18: =SUMIF($G11:$G17,"=CA",K11:K17)*DIVERS!$B$13 -> 0 | L18: =SUMIF($G11:$G17,"=CA",L11:L17)*DIVERS!$B$13 -> 0 | M18: =SUMIF($G11:$G17,"=CA",M11:M17)*DIVERS!$B$13 -> 0 | N18: =SUMIF($G11:$G17,"=CA",N11:N17)*DIVERS!$B$13 -> 0 | O18: =SUMIF($G11:$G17,"=CA",O11:O17)*DIVERS!$B$13 -> 0 | P18: =SUMIF($G11:$G17,"=CA",P11:P17)*DIVERS!$B$13 -> 0 | Q18: =SUMIF($G11:$G17,"=CA",Q11:Q17)*DIVERS!$B$13 -> 0 | ... U18: =SUMIF($G11:$G17,"=CA",U11:U17)*DIVERS!$B$13 -> 0 | V18: =SUM(Tableau3[[#This Row],[31/01/2015]:[31/12/2015]]) -> 0
A19: VI gaz | B19: =VLOOKUP($A19,LIBELLE!$A:$B,2,FALSE) -> MIDLUM_PREMIUM | C19: =VLOOKUP($A19,LIBELLE!A:D,4,FALSE) -> VDP | D19: =VLOOKUP($A19,LIBELLE!A:F,6,FALSE) -> NA | E19: =VLOOKUP($A19,LIBELLE!$A:$C,3,FALSE) -> GTIES | F19: =IF($G19="Acompte","Acompte",VLOOKUP($A19,LIBELLE!A:E,5,FALSE)) -> Prév | G19: TOTAL | H19: =IF(ISNA(VLOOKUP($G19,DIVERS!$M$1:$N$15,2,FALSE)),"",VLOOKUP($G19,DIVERS!$M$1:$N$15,2,FALSE)) | J19: =SUM(J11:J14,J17:J18) -> 691.95407 | K19: =SUM(K11:K14,K17:K18) -> -18265.157 | L19: =SUM(L11:L14,L17:L18) -> -2574.1573 | M19: =SUM(M11:M14,M17:M18) -> -2574.1573 | N19: =SUM(N11:N14,N17:N18) -> -2574.1573 | O19: =SUM(O11:O14,O17:O18) -> -2574.1573 | P19: =SUM(P11:P14,P17:P18) -> -2574.1573 | Q19: =SUM(Q11:Q14,Q17:Q18) -> -2574.1573 | ... U19: =SUM(U11:U14,U17:U18) -> -2574.1573 | V19: =SUM(Tableau3[[#This Row],[31/01/2015]:[31/12/2015]]) -> -43314.776
A20: O2X/APT | B20: =VLOOKUP($A20,LIBELLE!$A:$B,2,FALSE) -> OREOS 2X_APTINEO | C20: =VLOOKUP($A20,LIBELLE!A:D,4,FALSE) -> VDP | D20: =VLOOKUP($A20,LIBELLE!A:F,6,FALSE) -> NA | E20: =VLOOKUP($A20,LIBELLE!$A:$C,3,FALSE) -> GTIES | F20: =IF($G20="Acompte","Acompte",VLOOKUP($A20,LIBELLE!A:E,5,FALSE)) -> Prév | G20: CA | H20: =IF(ISNA(VLOOKUP($G20,DIVERS!$M$1:$N$15,2,FALSE)),"",VLOOKUP($G20,DIVERS!$M$1:$N$15,2,FALSE)) -> Tot VTE | V20: =SUM(Tableau3[[#This Row],[31/01/2015]:[31/12/2015]]) -> 0
A21: O2X/APT | B21: =VLOOKUP($A21,LIBELLE!$A:$B,2,FALSE) -> OREOS 2X_APTINEO | C21: =VLOOKUP($A21,LIBELLE!A:D,4,FALSE) -> VDP | D21: =VLOOKUP($A21,LIBELLE!A:F,6,FALSE) -> NA | E21: =VLOOKUP($A21,LIBELLE!$A:$C,3,FALSE) -> GTIES | F21: =IF($G21="Acompte","Acompte",VLOOKUP($A21,LIBELLE!A:E,5,FALSE)) -> Prév | G21: TEC | H21: =IF(ISNA(VLOOKUP($G21,DIVERS!$M$1:$N$15,2,FALSE)),"",VLOOKUP($G21,DIVERS!$M$1:$N$15,2,FALSE)) -> €TEC FERRRO-R&D | V21: =SUM(Tableau3[[#This Row],[31/01/2015]:[31/12/2015]]) -> 0
A22: O2X/APT | B22: =VLOOKUP($A22,LIBELLE!$A:$B,2,FALSE) -> OREOS 2X_APTINEO | C22: =VLOOKUP($A22,LIBELLE!A:D,4,FALSE) -> VDP | D22: =VLOOKUP($A22,LIBELLE!A:F,6,FALSE) -> NA | E22: =VLOOKUP($A22,LIBELLE!$A:$C,3,FALSE) -> GTIES | F22: =IF($G22="Acompte","Acompte",VLOOKUP($A22,LIBELLE!A:E,5,FALSE)) -> Prév | G22: Achats pièces | H22: =IF(ISNA(VLOOKUP($G22,DIVERS!$M$1:$N$15,2,FALSE)),"",VLOOKUP($G22,DIVERS!$M$1:$N$15,2,FALSE)) -> €ACH ProdPVI | J22: -1701.4 | K22: -3503.1 | L22: -12602.25 | M22: -2602.25 | N22: -2407 | O22: -2407 | P22: -2407 | Q22: -2407 | R22: -2146.75 | S22: -2146.75 | T22: -2146.75 | U22: -2146.75 | V22: =SUM(Tableau3[[#This Row],[31/01/2015]:[31/12/2015]]) -> -38624
A23: O2X/APT | B23: =VLOOKUP($A23,LIBELLE!$A:$B,2,FALSE) -> OREOS 2X_APTINEO | C23: =VLOOKUP($A23,LIBELLE!A:D,4,FALSE) -> VDP | D23: =VLOOKUP($A23,LIBELLE!A:F,6,FALSE) -> NA | E23: =VLOOKUP($A23,LIBELLE!$A:$C,3,FALSE) -> GTIES | F23: =IF($G23="Acompte","Acompte",VLOOKUP($A23,LIBELLE!A:E,5,FALSE)) -> Prév | G23: Achats prestations | H23: =IF(ISNA(VLOOKUP($G23,DIVERS!$M$1:$N$15,2,FALSE)),"",VLOOKUP($G23,DIVERS!$M$1:$N$15,2,FALSE)) -> €ACH Sces+div | J23: -1337.5 | K23: -1501 | L23: -1419.25 | M23: -1419.25 | N23: -1313 | O23: -1313 | P23: -1313 | Q23: -1313 | R23: -1171 | S23: -1171 | T23: -1171 | U23: -1171 | V23: =SUM(Tableau3[[#This Row],[31/01/2015]:[31/12/2015]]) -> -15613
A24: O2X/APT | B24: =VLOOKUP($A24,LIBELLE!$A:$B,2,FALSE) -> OREOS 2X_APTINEO | C24: =VLOOKUP($A24,LIBELLE!A:D,4,FALSE) -> VDP | D24: =VLOOKUP($A24,LIBELLE!A:F,6,FALSE) -> NA | E24: =VLOOKUP($A24,LIBELLE!$A:$C,3,FALSE) -> GTIES | F24: =IF($G24="Acompte","Acompte",VLOOKUP($A24,LIBELLE!A:E,5,FALSE)) -> Prév | G24: Qté MO GTIE | H24: =IF(ISNA(VLOOKUP($G24,DIVERS!$M$1:$N$15,2,FALSE)),"",VLOOKUP($G24,DIVERS!$M$1:$N$15,2,FALSE)) -> Qté MO GTIE | J24: 48 | K24: 128.25 | L24: 128.25 | M24: 128.25 | N24: 118.5 | O24: 118.5 | P24: 118.5 | Q24: 118.5 | R24: 150.75 | S24: 105.75 | T24: 105.75 | U24: 105.75 | V24: =SUM(Tableau3[[#This Row],[31/01/2015]:[31/12/2015]]) -> 1374.75
A25: O2X/APT | B25: =VLOOKUP($A25,LIBELLE!$A:$B,2,FALSE) -> OREOS 2X_APTINEO | C25: =VLOOKUP($A25,LIBELLE!A:D,4,FALSE) -> VDP | D25: =VLOOKUP($A25,LIBELLE!A:F,6,FALSE) -> NA | E25: =VLOOKUP($A25,LIBELLE!$A:$C,3,FALSE) -> GTIES | F25: =IF($G25="Acompte","Acompte",VLOOKUP($A25,LIBELLE!A:E,5,FALSE)) -> Prév | G25: Qté MO SRS | H25: =IF(ISNA(VLOOKUP($G25,DIVERS!$M$1:$N$15,2,FALSE)),"",VLOOKUP($G25,DIVERS!$M$1:$N$15,2,FALSE)) -> Qté MO SRS | J25: 16.7 | V25: =SUM(Tableau3[[#This Row],[31/01/2015]:[31/12/2015]]) -> 16.7
A26: O2X/APT | B26: =VLOOKUP($A26,LIBELLE!$A:$B,2,FALSE) -> OREOS 2X_APTINEO | C26: =VLOOKUP($A26,LIBELLE!A:D,4,FALSE) -> VDP | D26: =VLOOKUP($A26,LIBELLE!A:F,6,FALSE) -> NA | E26: =VLOOKUP($A26,LIBELLE!$A:$C,3,FALSE) -> GTIES | F26: =IF($G26="Acompte","Acompte",VLOOKUP($A26,LIBELLE!A:E,5,FALSE)) -> Prév | G26: MO | H26: =IF(ISNA(VLOOKUP($G26,DIVERS!$M$1:$N$15,2,FALSE)),"",VLOOKUP($G26,DIVERS!$M$1:$N$15,2,FALSE)) -> 0 | J26: =J24*TxGTIE+J25*TxSRS -> -4253.3714 | K26: =K24*TxGTIE+K25*TxSRS -> -9597.1345 | L26: =L24*TxGTIE+L25*TxSRS -> -9597.1345 | M26: =M24*TxGTIE+M25*TxSRS -> -9597.1345 | N26: =N24*TxGTIE+N25*TxSRS -> -8867.5278 | O26: =O24*TxGTIE+O25*TxSRS -> -8867.5278 | P26: =P24*TxGTIE+P25*TxSRS -> -8867.5278 | Q26: =Q24*TxGTIE+Q25*TxSRS -> -8867.5278 | ... U26: =U24*TxGTIE+U25*TxSRS -> -7913.4267 | V26: =SUM(Tableau3[[#This Row],[31/01/2015]:[31/12/2015]]) -> -103536.01
A27: O2X/APT | B27: =VLOOKUP($A27,LIBELLE!$A:$B,2,FALSE) -> OREOS 2X_APTINEO | C27: =VLOOKUP($A27,LIBELLE!A:D,4,FALSE) -> VDP | D27: =VLOOKUP($A27,LIBELLE!A:F,6,FALSE) -> NA | E27: =VLOOKUP($A27,LIBELLE!$A:$C,3,FALSE) -> GTIES | F27: =IF($G27="Acompte","Acompte",VLOOKUP($A27,LIBELLE!A:E,5,FALSE)) -> Prév | G27: FG | H27: =IF(ISNA(VLOOKUP($G27,DIVERS!$M$1:$N$15,2,FALSE)),"",VLOOKUP($G27,DIVERS!$M$1:$N$15,2,FALSE)) | J27: =SUMIF($G20:$G26,"=CA",J20:J26)*DIVERS!$B$13 -> 0 | K27: =SUMIF($G20:$G26,"=CA",K20:K26)*DIVERS!$B$13 -> 0 | L27: =SUMIF($G20:$G26,"=CA",L20:L26)*DIVERS!$B$13 -> 0 | M27: =SUMIF($G20:$G26,"=CA",M20:M26)*DIVERS!$B$13 -> 0 | N27: =SUMIF($G20:$G26,"=CA",N20:N26)*DIVERS!$B$13 -> 0 | O27: =SUMIF($G20:$G26,"=CA",O20:O26)*DIVERS!$B$13 -> 0 | P27: =SUMIF($G20:$G26,"=CA",P20:P26)*DIVERS!$B$13 -> 0 | Q27: =SUMIF($G20:$G26,"=CA",Q20:Q26)*DIVERS!$B$13 -> 0 | ... U27: =SUMIF($G20:$G26,"=CA",U20:U26)*DIVERS!$B$13 -> 0 | V27: =SUM(Tableau3[[#This Row],[31/01/2015]:[31/12/2015]]) -> 0
A28: O2X/APT | B28: =VLOOKUP($A28,LIBELLE!$A:$B,2,FALSE) -> OREOS 2X_APTINEO | C28: =VLOOKUP($A28,LIBELLE!A:D,4,FALSE) -> VDP | D28: =VLOOKUP($A28,LIBELLE!A:F,6,FALSE) -> NA | E28: =VLOOKUP($A28,LIBELLE!$A:$C,3,FALSE) -> GTIES | F28: =IF($G28="Acompte","Acompte",VLOOKUP($A28,LIBELLE!A:E,5,FALSE)) -> Prév | G28: TOTAL | H28: =IF(ISNA(VLOOKUP($G28,DIVERS!$M$1:$N$15,2,FALSE)),"",VLOOKUP($G28,DIVERS!$M$1:$N$15,2,FALSE)) | J28: =SUM(J20:J23,J26:J27) -> -7292.2714 | K28: =SUM(K20:K23,K26:K27) -> -14601.235 | L28: =SUM(L20:L23,L26:L27) -> -23618.635 | M28: =SUM(M20:M23,M26:M27) -> -13618.635 | N28: =SUM(N20:N23,N26:N27) -> -12587.528 | O28: =SUM(O20:O23,O26:O27) -> -12587.528 | P28: =SUM(P20:P23,P26:P27) -> -12587.528 | Q28: =SUM(Q20:Q23,Q26:Q27) -> -12587.528 | ... U28: =SUM(U20:U23,U26:U27) -> -11231.177 | V28: =SUM(Tableau3[[#This Row],[31/01/2015]:[31/12/2015]]) -> -157773.01
A29: O4X | B29: =VLOOKUP($A29,LIBELLE!$A:$B,2,FALSE) -> OREOS 4X | C29: =VLOOKUP($A29,LIBELLE!A:D,4,FALSE) -> VDP | D29: =VLOOKUP($A29,LIBELLE!A:F,6,FALSE) -> NA | E29: =VLOOKUP($A29,LIBELLE!$A:$C,3,FALSE) -> GTIES | F29: =IF($G29="Acompte","Acompte",VLOOKUP($A29,LIBELLE!A:E,5,FALSE)) -> Prév | G29: CA | H29: =IF(ISNA(VLOOKUP($G29,DIVERS!$M$1:$N$15,2,FALSE)),"",VLOOKUP($G29,DIVERS!$M$1:$N$15,2,FALSE)) -> Tot VTE | J29: 0 | V29: =SUM(Tableau3[[#This Row],[31/01/2015]:[31/12/2015]]) -> 0
A30: O4X | B30: =VLOOKUP($A30,LIBELLE!$A:$B,2,FALSE) -> OREOS 4X | C30: =VLOOKUP($A30,LIBELLE!A:D,4,FALSE) -> VDP | D30: =VLOOKUP($A30,LIBELLE!A:F,6,FALSE) -> NA | E30: =VLOOKUP($A30,LIBELLE!$A:$C,3,FALSE) -> GTIES | F30: =IF($G30="Acompte","Acompte",VLOOKUP($A30,LIBELLE!A:E,5,FALSE)) -> Prév | G30: TEC | H30: =IF(ISNA(VLOOKUP($G30,DIVERS!$M$1:$N$15,2,FALSE)),"",VLOOKUP($G30,DIVERS!$M$1:$N$15,2,FALSE)) -> €TEC FERRRO-R&D | V30: =SUM(Tableau3[[#This Row],[31/01/2015]:[31/12/2015]]) -> 0
A31: O4X | B31: =VLOOKUP($A31,LIBELLE!$A:$B,2,FALSE) -> OREOS 4X | C31: =VLOOKUP($A31,LIBELLE!A:D,4,FALSE) -> VDP | D31: =VLOOKUP($A31,LIBELLE!A:F,6,FALSE) -> NA | E31: =VLOOKUP($A31,LIBELLE!$A:$C,3,FALSE) -> GTIES | F31: =IF($G31="Acompte","Acompte",VLOOKUP($A31,LIBELLE!A:E,5,FALSE)) -> Prév | G31: Achats pièces | H31: =IF(ISNA(VLOOKUP($G31,DIVERS!$M$1:$N$15,2,FALSE)),"",VLOOKUP($G31,DIVERS!$M$1:$N$15,2,FALSE)) -> €ACH ProdPVI | J31: -158 | K31: -3122.7 | L31: -3122.7 | M31: -3122.7 | N31: -2888.4 | O31: -2888.4 | P31: -2888.4 | Q31: -2888.4 | R31: -2576.1 | S31: -2576.1 | T31: -2576.1 | U31: -2576.1 | V31: =SUM(Tableau3[[#This Row],[31/01/2015]:[31/12/2015]]) -> -31384.1
A32: O4X | B32: =VLOOKUP($A32,LIBELLE!$A:$B,2,FALSE) -> OREOS 4X | C32: =VLOOKUP($A32,LIBELLE!A:D,4,FALSE) -> VDP | D32: =VLOOKUP($A32,LIBELLE!A:F,6,FALSE) -> NA | E32: =VLOOKUP($A32,LIBELLE!$A:$C,3,FALSE) -> GTIES | F32: =IF($G32="Acompte","Acompte",VLOOKUP($A32,LIBELLE!A:E,5,FALSE)) -> Prév | G32: Achats prestations | H32: =IF(ISNA(VLOOKUP($G32,DIVERS!$M$1:$N$15,2,FALSE)),"",VLOOKUP($G32,DIVERS!$M$1:$N$15,2,FALSE)) -> €ACH Sces+div | K32: -1703.1 | L32: -1703.1 | M32: -1703.1 | N32: -1575.6 | O32: -1575.6 | P32: -1575.6 | Q32: -1575.6 | R32: -1405.2 | S32: -1405.2 | T32: -1405.2 | U32: -1405.2 | V32: =SUM(Tableau3[[#This Row],[31/01/2015]:[31/12/2015]]) -> -17032.5
A33: O4X | B33: =VLOOKUP($A33,LIBELLE!$A:$B,2,FALSE) -> OREOS 4X | C33: =VLOOKUP($A33,LIBELLE!A:D,4,FALSE) -> VDP | D33: =VLOOKUP($A33,LIBELLE!A:F,6,FALSE) -> NA | E33: =VLOOKUP($A33,LIBELLE!$A:$C,3,FALSE) -> GTIES | F33: =IF($G33="Acompte","Acompte",VLOOKUP($A33,LIBELLE!A:E,5,FALSE)) -> Prév | G33: Qté MO GTIE | H33: =IF(ISNA(VLOOKUP($G33,DIVERS!$M$1:$N$15,2,FALSE)),"",VLOOKUP($G33,DIVERS!$M$1:$N$15,2,FALSE)) -> Qté MO GTIE | K33: 153.9 | L33: 153.9 | M33: 153.9 | N33: 142.2 | O33: 142.2 | P33: 142.2 | Q33: 142.2 | R33: 126.9 | S33: 126.9 | T33: 126.9 | U33: 126.9 | V33: =SUM(Tableau3[[#This Row],[31/01/2015]:[31/12/2015]]) -> 1538.1
A34: O4X | B34: =VLOOKUP($A34,LIBELLE!$A:$B,2,FALSE) -> OREOS 4X | C34: =VLOOKUP($A34,LIBELLE!A:D,4,FALSE) -> VDP | D34: =VLOOKUP($A34,LIBELLE!A:F,6,FALSE) -> NA | E34: =VLOOKUP($A34,LIBELLE!$A:$C,3,FALSE) -> GTIES | F34: =IF($G34="Acompte","Acompte",VLOOKUP($A34,LIBELLE!A:E,5,FALSE)) -> Prév | G34: Qté MO SRS | H34: =IF(ISNA(VLOOKUP($G34,DIVERS!$M$1:$N$15,2,FALSE)),"",VLOOKUP($G34,DIVERS!$M$1:$N$15,2,FALSE)) -> Qté MO SRS | J34: 6 | V34: =SUM(Tableau3[[#This Row],[31/01/2015]:[31/12/2015]]) -> 6
A35: O4X | B35: =VLOOKUP($A35,LIBELLE!$A:$B,2,FALSE) -> OREOS 4X | C35: =VLOOKUP($A35,LIBELLE!A:D,4,FALSE) -> VDP | D35: =VLOOKUP($A35,LIBELLE!A:F,6,FALSE) -> NA | E35: =VLOOKUP($A35,LIBELLE!$A:$C,3,FALSE) -> GTIES | F35: =IF($G35="Acompte","Acompte",VLOOKUP($A35,LIBELLE!A:E,5,FALSE)) -> Prév | G35: MO | H35: =IF(ISNA(VLOOKUP($G35,DIVERS!$M$1:$N$15,2,FALSE)),"",VLOOKUP($G35,DIVERS!$M$1:$N$15,2,FALSE)) -> 0 | J35: =J33*TxGTIE+J34*TxSRS -> -237.65081 | K35: =K33*TxGTIE+K34*TxSRS -> -11516.561 | L35: =L33*TxGTIE+L34*TxSRS -> -11516.561 | M35: =M33*TxGTIE+M34*TxSRS -> -11516.561 | N35: =N33*TxGTIE+N34*TxSRS -> -10641.033 | O35: =O33*TxGTIE+O34*TxSRS -> -10641.033 | P35: =P33*TxGTIE+P34*TxSRS -> -10641.033 | Q35: =Q33*TxGTIE+Q34*TxSRS -> -10641.033 | ... U35: =U33*TxGTIE+U34*TxSRS -> -9496.1121 | V35: =SUM(Tableau3[[#This Row],[31/01/2015]:[31/12/2015]]) -> -115335.92
A36: O4X | B36: =VLOOKUP($A36,LIBELLE!$A:$B,2,FALSE) -> OREOS 4X | C36: =VLOOKUP($A36,LIBELLE!A:D,4,FALSE) -> VDP | D36: =VLOOKUP($A36,LIBELLE!A:F,6,FALSE) -> NA | E36: =VLOOKUP($A36,LIBELLE!$A:$C,3,FALSE) -> GTIES | F36: =IF($G36="Acompte","Acompte",VLOOKUP($A36,LIBELLE!A:E,5,FALSE)) -> Prév | G36: FG | H36: =IF(ISNA(VLOOKUP($G36,DIVERS!$M$1:$N$15,2,FALSE)),"",VLOOKUP($G36,DIVERS!$M$1:$N$15,2,FALSE)) | J36: =SUMIF($G29:$G35,"=CA",J29:J35)*DIVERS!$B$13 -> 0 | K36: =SUMIF($G29:$G35,"=CA",K29:K35)*DIVERS!$B$13 -> 0 | L36: =SUMIF($G29:$G35,"=CA",L29:L35)*DIVERS!$B$13 -> 0 | M36: =SUMIF($G29:$G35,"=CA",M29:M35)*DIVERS!$B$13 -> 0 | N36: =SUMIF($G29:$G35,"=CA",N29:N35)*DIVERS!$B$13 -> 0 | O36: =SUMIF($G29:$G35,"=CA",O29:O35)*DIVERS!$B$13 -> 0 | P36: =SUMIF($G29:$G35,"=CA",P29:P35)*DIVERS!$B$13 -> 0 | Q36: =SUMIF($G29:$G35,"=CA",Q29:Q35)*DIVERS!$B$13 -> 0 | ... U36: =SUMIF($G29:$G35,"=CA",U29:U35)*DIVERS!$B$13 -> 0 | V36: =SUM(Tableau3[[#This Row],[31/01/2015]:[31/12/2015]]) -> 0
A37: O4X | B37: =VLOOKUP($A37,LIBELLE!$A:$B,2,FALSE) -> OREOS 4X | C37: =VLOOKUP($A37,LIBELLE!A:D,4,FALSE) -> VDP | D37: =VLOOKUP($A37,LIBELLE!A:F,6,FALSE) -> NA | E37: =VLOOKUP($A37,LIBELLE!$A:$C,3,FALSE) -> GTIES | F37: =IF($G37="Acompte","Acompte",VLOOKUP($A37,LIBELLE!A:E,5,FALSE)) -> Prév | G37: TOTAL | H37: =IF(ISNA(VLOOKUP($G37,DIVERS!$M$1:$N$15,2,FALSE)),"",VLOOKUP($G37,DIVERS!$M$1:$N$15,2,FALSE)) | J37: =SUM(J29:J32,J35:J36) -> -395.65081 | K37: =SUM(K29:K32,K35:K36) -> -16342.361 | L37: =SUM(L29:L32,L35:L36) -> -16342.361 | M37: =SUM(M29:M32,M35:M36) -> -16342.361 | N37: =SUM(N29:N32,N35:N36) -> -15105.033 | O37: =SUM(O29:O32,O35:O36) -> -15105.033 | P37: =SUM(P29:P32,P35:P36) -> -15105.033 | Q37: =SUM(Q29:Q32,Q35:Q36) -> -15105.033 | ... U37: =SUM(U29:U32,U35:U36) -> -13477.412 | V37: =SUM(Tableau3[[#This Row],[31/01/2015]:[31/12/2015]]) -> -163752.52
A38: MAX | B38: =VLOOKUP($A38,LIBELLE!$A:$B,2,FALSE) -> MAXITY | C38: =VLOOKUP($A38,LIBELLE!A:D,4,FALSE) -> VDP | D38: =VLOOKUP($A38,LIBELLE!A:F,6,FALSE) -> NA | E38: =VLOOKUP($A38,LIBELLE!$A:$C,3,FALSE) -> GTIES | F38: =IF($G38="Acompte","Acompte",VLOOKUP($A38,LIBELLE!A:E,5,FALSE)) -> Prév | G38: CA | H38: =IF(ISNA(VLOOKUP($G38,DIVERS!$M$1:$N$15,2,FALSE)),"",VLOOKUP($G38,DIVERS!$M$1:$N$15,2,FALSE)) -> Tot VTE | J38: 0 | V38: =SUM(Tableau3[[#This Row],[31/01/2015]:[31/12/2015]]) -> 0
A39: MAX | B39: =VLOOKUP($A39,LIBELLE!$A:$B,2,FALSE) -> MAXITY | C39: =VLOOKUP($A39,LIBELLE!A:D,4,FALSE) -> VDP | D39: =VLOOKUP($A39,LIBELLE!A:F,6,FALSE) -> NA | E39: =VLOOKUP($A39,LIBELLE!$A:$C,3,FALSE) -> GTIES | F39: =IF($G39="Acompte","Acompte",VLOOKUP($A39,LIBELLE!A:E,5,FALSE)) -> Prév | G39: TEC | H39: =IF(ISNA(VLOOKUP($G39,DIVERS!$M$1:$N$15,2,FALSE)),"",VLOOKUP($G39,DIVERS!$M$1:$N$15,2,FALSE)) -> €TEC FERRRO-R&D | V39: =SUM(Tableau3[[#This Row],[31/01/2015]:[31/12/2015]]) -> 0
A40: MAX | B40: =VLOOKUP($A40,LIBELLE!$A:$B,2,FALSE) -> MAXITY | C40: =VLOOKUP($A40,LIBELLE!A:D,4,FALSE) -> VDP | D40: =VLOOKUP($A40,LIBELLE!A:F,6,FALSE) -> NA | E40: =VLOOKUP($A40,LIBELLE!$A:$C,3,FALSE) -> GTIES | F40: =IF($G40="Acompte","Acompte",VLOOKUP($A40,LIBELLE!A:E,5,FALSE)) -> Prév | G40: Achats pièces | H40: =IF(ISNA(VLOOKUP($G40,DIVERS!$M$1:$N$15,2,FALSE)),"",VLOOKUP($G40,DIVERS!$M$1:$N$15,2,FALSE)) -> €ACH ProdPVI | J40: -3536 | K40: -1103.24 | L40: -1103.24 | M40: -1103.24 | N40: -1009.52 | O40: -1009.52 | P40: -1009.52 | Q40: -1009.52 | R40: -884.6 | S40: -884.6 | T40: -884.6 | U40: -884.6 | V40: =SUM(Tableau3[[#This Row],[31/01/2015]:[31/12/2015]]) -> -14422.2
A41: MAX | B41: =VLOOKUP($A41,LIBELLE!$A:$B,2,FALSE) -> MAXITY | C41: =VLOOKUP($A41,LIBELLE!A:D,4,FALSE) -> VDP | D41: =VLOOKUP($A41,LIBELLE!A:F,6,FALSE) -> NA | E41: =VLOOKUP($A41,LIBELLE!$A:$C,3,FALSE) -> GTIES | F41: =IF($G41="Acompte","Acompte",VLOOKUP($A41,LIBELLE!A:E,5,FALSE)) -> Prév | G41: Achats prestations | H41: =IF(ISNA(VLOOKUP($G41,DIVERS!$M$1:$N$15,2,FALSE)),"",VLOOKUP($G41,DIVERS!$M$1:$N$15,2,FALSE)) -> €ACH Sces+div | K41: -681.24 | L41: -681.24 | M41: -681.24 | N41: -630.24 | O41: -630.24 | P41: -630.24 | Q41: -630.24 | R41: -562.08 | S41: -562.08 | T41: -562.08 | U41: -562.08 | V41: =SUM(Tableau3[[#This Row],[31/01/2015]:[31/12/2015]]) -> -6813
A42: MAX | B42: =VLOOKUP($A42,LIBELLE!$A:$B,2,FALSE) -> MAXITY | C42: =VLOOKUP($A42,LIBELLE!A:D,4,FALSE) -> VDP | D42: =VLOOKUP($A42,LIBELLE!A:F,6,FALSE) -> NA | E42: =VLOOKUP($A42,LIBELLE!$A:$C,3,FALSE) -> GTIES | F42: =IF($G42="Acompte","Acompte",VLOOKUP($A42,LIBELLE!A:E,5,FALSE)) -> Prév | G42: Qté MO GTIE | H42: =IF(ISNA(VLOOKUP($G42,DIVERS!$M$1:$N$15,2,FALSE)),"",VLOOKUP($G42,DIVERS!$M$1:$N$15,2,FALSE)) -> Qté MO GTIE | J42: 34 | K42: 61.56 | L42: 61.56 | M42: 61.56 | N42: 56.88 | O42: 56.88 | P42: 56.88 | Q42: 56.88 | R42: 78.76 | S42: 50.76 | T42: 50.76 | U42: 50.76 | V42: =SUM(Tableau3[[#This Row],[31/01/2015]:[31/12/2015]]) -> 677.24
A43: MAX | B43: =VLOOKUP($A43,LIBELLE!$A:$B,2,FALSE) -> MAXITY | C43: =VLOOKUP($A43,LIBELLE!A:D,4,FALSE) -> VDP | D43: =VLOOKUP($A43,LIBELLE!A:F,6,FALSE) -> NA | E43: =VLOOKUP($A43,LIBELLE!$A:$C,3,FALSE) -> GTIES | F43: =IF($G43="Acompte","Acompte",VLOOKUP($A43,LIBELLE!A:E,5,FALSE)) -> Prév | G43: Qté MO SRS | H43: =IF(ISNA(VLOOKUP($G43,DIVERS!$M$1:$N$15,2,FALSE)),"",VLOOKUP($G43,DIVERS!$M$1:$N$15,2,FALSE)) -> Qté MO SRS | V43: =SUM(Tableau3[[#This Row],[31/01/2015]:[31/12/2015]]) -> 0
A44: MAX | B44: =VLOOKUP($A44,LIBELLE!$A:$B,2,FALSE) -> MAXITY | C44: =VLOOKUP($A44,LIBELLE!A:D,4,FALSE) -> VDP | D44: =VLOOKUP($A44,LIBELLE!A:F,6,FALSE) -> NA | E44: =VLOOKUP($A44,LIBELLE!$A:$C,3,FALSE) -> GTIES | F44: =IF($G44="Acompte","Acompte",VLOOKUP($A44,LIBELLE!A:E,5,FALSE)) -> Prév | G44: MO | H44: =IF(ISNA(VLOOKUP($G44,DIVERS!$M$1:$N$15,2,FALSE)),"",VLOOKUP($G44,DIVERS!$M$1:$N$15,2,FALSE)) -> 0 | J44: =J42*TxGTIE+J43*TxSRS -> -2544.2696 | K44: =K42*TxGTIE+K43*TxSRS -> -4606.6246 | L44: =L42*TxGTIE+L43*TxSRS -> -4606.6246 | M44: =M42*TxGTIE+M43*TxSRS -> -4606.6246 | N44: =N42*TxGTIE+N43*TxSRS -> -4256.4133 | O44: =O42*TxGTIE+O43*TxSRS -> -4256.4133 | P44: =P42*TxGTIE+P43*TxSRS -> -4256.4133 | Q44: =Q42*TxGTIE+Q43*TxSRS -> -4256.4133 | ... U44: =U42*TxGTIE+U43*TxSRS -> -3798.4448 | V44: =SUM(Tableau3[[#This Row],[31/01/2015]:[31/12/2015]]) -> -50678.857
A45: MAX | B45: =VLOOKUP($A45,LIBELLE!$A:$B,2,FALSE) -> MAXITY | C45: =VLOOKUP($A45,LIBELLE!A:D,4,FALSE) -> VDP | D45: =VLOOKUP($A45,LIBELLE!A:F,6,FALSE) -> NA | E45: =VLOOKUP($A45,LIBELLE!$A:$C,3,FALSE) -> GTIES | F45: =IF($G45="Acompte","Acompte",VLOOKUP($A45,LIBELLE!A:E,5,FALSE)) -> Prév | G45: FG | H45: =IF(ISNA(VLOOKUP($G45,DIVERS!$M$1:$N$15,2,FALSE)),"",VLOOKUP($G45,DIVERS!$M$1:$N$15,2,FALSE)) | J45: =SUMIF($G38:$G44,"=CA",J38:J44)*DIVERS!$B$13 -> 0 | K45: =SUMIF($G38:$G44,"=CA",K38:K44)*DIVERS!$B$13 -> 0 | L45: =SUMIF($G38:$G44,"=CA",L38:L44)*DIVERS!$B$13 -> 0 | M45: =SUMIF($G38:$G44,"=CA",M38:M44)*DIVERS!$B$13 -> 0 | N45: =SUMIF($G38:$G44,"=CA",N38:N44)*DIVERS!$B$13 -> 0 | O45: =SUMIF($G38:$G44,"=CA",O38:O44)*DIVERS!$B$13 -> 0 | P45: =SUMIF($G38:$G44,"=CA",P38:P44)*DIVERS!$B$13 -> 0 | Q45: =SUMIF($G38:$G44,"=CA",Q38:Q44)*DIVERS!$B$13 -> 0 | ... U45: =SUMIF($G38:$G44,"=CA",U38:U44)*DIVERS!$B$13 -> 0 | V45: =SUM(Tableau3[[#This Row],[31/01/2015]:[31/12/2015]]) -> 0
A46: MAX | B46: =VLOOKUP($A46,LIBELLE!$A:$B,2,FALSE) -> MAXITY | C46: =VLOOKUP($A46,LIBELLE!A:D,4,FALSE) -> VDP | D46: =VLOOKUP($A46,LIBELLE!A:F,6,FALSE) -> NA | E46: =VLOOKUP($A46,LIBELLE!$A:$C,3,FALSE) -> GTIES | F46: =IF($G46="Acompte","Acompte",VLOOKUP($A46,LIBELLE!A:E,5,FALSE)) -> Prév | G46: TOTAL | H46: =IF(ISNA(VLOOKUP($G46,DIVERS!$M$1:$N$15,2,FALSE)),"",VLOOKUP($G46,DIVERS!$M$1:$N$15,2,FALSE)) | J46: =SUM(J38:J41,J44:J45) -> -6080.2696 | K46: =SUM(K38:K41,K44:K45) -> -6391.1046 | L46: =SUM(L38:L41,L44:L45) -> -6391.1046 | M46: =SUM(M38:M41,M44:M45) -> -6391.1046 | N46: =SUM(N38:N41,N44:N45) -> -5896.1733 | O46: =SUM(O38:O41,O44:O45) -> -5896.1733 | P46: =SUM(P38:P41,P44:P45) -> -5896.1733 | Q46: =SUM(Q38:Q41,Q44:Q45) -> -5896.1733 | ... U46: =SUM(U38:U41,U44:U45) -> -5245.1248 | V46: =SUM(Tableau3[[#This Row],[31/01/2015]:[31/12/2015]]) -> -71914.057
A47: C-LESS | B47: =VLOOKUP($A47,LIBELLE!$A:$B,2,FALSE) -> C-LESS 26T | C47: =VLOOKUP($A47,LIBELLE!A:D,4,FALSE) -> VDP | D47: =VLOOKUP($A47,LIBELLE!A:F,6,FALSE) -> NA | E47: =VLOOKUP($A47,LIBELLE!$A:$C,3,FALSE) -> GTIES | F47: =IF($G47="Acompte","Acompte",VLOOKUP($A47,LIBELLE!A:E,5,FALSE)) -> Prév | G47: CA | H47: =IF(ISNA(VLOOKUP($G47,DIVERS!$M$1:$N$15,2,FALSE)),"",VLOOKUP($G47,DIVERS!$M$1:$N$15,2,FALSE)) -> Tot VTE | J47: 0 | V47: =SUM(Tableau3[[#This Row],[31/01/2015]:[31/12/2015]]) -> 0
A48: C-LESS | B48: =VLOOKUP($A48,LIBELLE!$A:$B,2,FALSE) -> C-LESS 26T | C48: =VLOOKUP($A48,LIBELLE!A:D,4,FALSE) -> VDP | D48: =VLOOKUP($A48,LIBELLE!A:F,6,FALSE) -> NA | E48: =VLOOKUP($A48,LIBELLE!$A:$C,3,FALSE) -> GTIES | F48: =IF($G48="Acompte","Acompte",VLOOKUP($A48,LIBELLE!A:E,5,FALSE)) -> Prév | G48: TEC | H48: =IF(ISNA(VLOOKUP($G48,DIVERS!$M$1:$N$15,2,FALSE)),"",VLOOKUP($G48,DIVERS!$M$1:$N$15,2,FALSE)) -> €TEC FERRRO-R&D | V48: =SUM(Tableau3[[#This Row],[31/01/2015]:[31/12/2015]]) -> 0
A49: C-LESS | B49: =VLOOKUP($A49,LIBELLE!$A:$B,2,FALSE) -> C-LESS 26T | C49: =VLOOKUP($A49,LIBELLE!A:D,4,FALSE) -> VDP | D49: =VLOOKUP($A49,LIBELLE!A:F,6,FALSE) -> NA | E49: =VLOOKUP($A49,LIBELLE!$A:$C,3,FALSE) -> GTIES | F49: =IF($G49="Acompte","Acompte",VLOOKUP($A49,LIBELLE!A:E,5,FALSE)) -> Prév | G49: Achats pièces | H49: =IF(ISNA(VLOOKUP($G49,DIVERS!$M$1:$N$15,2,FALSE)),"",VLOOKUP($G49,DIVERS!$M$1:$N$15,2,FALSE)) -> €ACH ProdPVI | J49: -20974 | K49: -3434.97 | L49: -3434.97 | M49: -3434.97 | N49: -3177.24 | O49: -3177.24 | P49: -3177.24 | Q49: -3177.24 | R49: -2833.71 | S49: -2833.71 | T49: -2833.71 | U49: -2833.71 | V49: =SUM(Tableau3[[#This Row],[31/01/2015]:[31/12/2015]]) -> -55322.71
A50: C-LESS | B50: =VLOOKUP($A50,LIBELLE!$A:$B,2,FALSE) -> C-LESS 26T | C50: =VLOOKUP($A50,LIBELLE!A:D,4,FALSE) -> VDP | D50: =VLOOKUP($A50,LIBELLE!A:F,6,FALSE) -> NA | E50: =VLOOKUP($A50,LIBELLE!$A:$C,3,FALSE) -> GTIES | F50: =IF($G50="Acompte","Acompte",VLOOKUP($A50,LIBELLE!A:E,5,FALSE)) -> Prév | G50: Achats prestations | H50: =IF(ISNA(VLOOKUP($G50,DIVERS!$M$1:$N$15,2,FALSE)),"",VLOOKUP($G50,DIVERS!$M$1:$N$15,2,FALSE)) -> €ACH Sces+div | K50: -1873.41 | L50: -1873.41 | M50: -1873.41 | N50: -1733.16 | O50: -1733.16 | P50: -1733.16 | Q50: -1733.16 | R50: -1545.72 | S50: -1545.72 | T50: -1545.72 | U50: -1545.72 | V50: =SUM(Tableau3[[#This Row],[31/01/2015]:[31/12/2015]]) -> -18735.75
A51: C-LESS | B51: =VLOOKUP($A51,LIBELLE!$A:$B,2,FALSE) -> C-LESS 26T | C51: =VLOOKUP($A51,LIBELLE!A:D,4,FALSE) -> VDP | D51: =VLOOKUP($A51,LIBELLE!A:F,6,FALSE) -> NA | E51: =VLOOKUP($A51,LIBELLE!$A:$C,3,FALSE) -> GTIES | F51: =IF($G51="Acompte","Acompte",VLOOKUP($A51,LIBELLE!A:E,5,FALSE)) -> Prév | G51: Qté MO GTIE | H51: =IF(ISNA(VLOOKUP($G51,DIVERS!$M$1:$N$15,2,FALSE)),"",VLOOKUP($G51,DIVERS!$M$1:$N$15,2,FALSE)) -> Qté MO GTIE | J51: 215.9 | K51: 169.29 | L51: 169.29 | M51: 169.29 | N51: 156.42 | O51: 156.42 | P51: 156.42 | Q51: 63.42 | R51: 139.59 | S51: 139.59 | T51: 139.59 | U51: 139.59 | V51: =SUM(Tableau3[[#This Row],[31/01/2015]:[31/12/2015]]) -> 1814.81
A52: C-LESS | B52: =VLOOKUP($A52,LIBELLE!$A:$B,2,FALSE) -> C-LESS 26T | C52: =VLOOKUP($A52,LIBELLE!A:D,4,FALSE) -> VDP | D52: =VLOOKUP($A52,LIBELLE!A:F,6,FALSE) -> NA | E52: =VLOOKUP($A52,LIBELLE!$A:$C,3,FALSE) -> GTIES | F52: =IF($G52="Acompte","Acompte",VLOOKUP($A52,LIBELLE!A:E,5,FALSE)) -> Prév | G52: Qté MO SRS | H52: =IF(ISNA(VLOOKUP($G52,DIVERS!$M$1:$N$15,2,FALSE)),"",VLOOKUP($G52,DIVERS!$M$1:$N$15,2,FALSE)) -> Qté MO SRS | J52: 2.35 | V52: =SUM(Tableau3[[#This Row],[31/01/2015]:[31/12/2015]]) -> 2.35
A53: C-LESS | B53: =VLOOKUP($A53,LIBELLE!$A:$B,2,FALSE) -> C-LESS 26T | C53: =VLOOKUP($A53,LIBELLE!A:D,4,FALSE) -> VDP | D53: =VLOOKUP($A53,LIBELLE!A:F,6,FALSE) -> NA | E53: =VLOOKUP($A53,LIBELLE!$A:$C,3,FALSE) -> GTIES | F53: =IF($G53="Acompte","Acompte",VLOOKUP($A53,LIBELLE!A:E,5,FALSE)) -> Prév | G53: MO | H53: =IF(ISNA(VLOOKUP($G53,DIVERS!$M$1:$N$15,2,FALSE)),"",VLOOKUP($G53,DIVERS!$M$1:$N$15,2,FALSE)) -> 0 | J53: =J51*TxGTIE+J52*TxSRS -> -16249.192 | K53: =K51*TxGTIE+K52*TxSRS -> -12668.218 | L53: =L51*TxGTIE+L52*TxSRS -> -12668.218 | M53: =M51*TxGTIE+M52*TxSRS -> -12668.218 | N53: =N51*TxGTIE+N52*TxSRS -> -11705.137 | O53: =O51*TxGTIE+O52*TxSRS -> -11705.137 | P53: =P51*TxGTIE+P52*TxSRS -> -11705.137 | Q53: =Q51*TxGTIE+Q52*TxSRS -> -4745.8111 | ... U53: =U51*TxGTIE+U52*TxSRS -> -10445.723 | V53: =SUM(Tableau3[[#This Row],[31/01/2015]:[31/12/2015]]) -> -135897.96
A54: C-LESS | B54: =VLOOKUP($A54,LIBELLE!$A:$B,2,FALSE) -> C-LESS 26T | C54: =VLOOKUP($A54,LIBELLE!A:D,4,FALSE) -> VDP | D54: =VLOOKUP($A54,LIBELLE!A:F,6,FALSE) -> NA | E54: =VLOOKUP($A54,LIBELLE!$A:$C,3,FALSE) -> GTIES | F54: =IF($G54="Acompte","Acompte",VLOOKUP($A54,LIBELLE!A:E,5,FALSE)) -> Prév | G54: FG | H54: =IF(ISNA(VLOOKUP($G54,DIVERS!$M$1:$N$15,2,FALSE)),"",VLOOKUP($G54,DIVERS!$M$1:$N$15,2,FALSE)) | J54: =SUMIF($G47:$G53,"=CA",J47:J53)*DIVERS!$B$13 -> 0 | K54: =SUMIF($G47:$G53,"=CA",K47:K53)*DIVERS!$B$13 -> 0 | L54: =SUMIF($G47:$G53,"=CA",L47:L53)*DIVERS!$B$13 -> 0 | M54: =SUMIF($G47:$G53,"=CA",M47:M53)*DIVERS!$B$13 -> 0 | N54: =SUMIF($G47:$G53,"=CA",N47:N53)*DIVERS!$B$13 -> 0 | O54: =SUMIF($G47:$G53,"=CA",O47:O53)*DIVERS!$B$13 -> 0 | P54: =SUMIF($G47:$G53,"=CA",P47:P53)*DIVERS!$B$13 -> 0 | Q54: =SUMIF($G47:$G53,"=CA",Q47:Q53)*DIVERS!$B$13 -> 0 | ... U54: =SUMIF($G47:$G53,"=CA",U47:U53)*DIVERS!$B$13 -> 0 | V54: =SUM(Tableau3[[#This Row],[31/01/2015]:[31/12/2015]]) -> 0
A55: C-LESS | B55: =VLOOKUP($A55,LIBELLE!$A:$B,2,FALSE) -> C-LESS 26T | C55: =VLOOKUP($A55,LIBELLE!A:D,4,FALSE) -> VDP | D55: =VLOOKUP($A55,LIBELLE!A:F,6,FALSE) -> NA | E55: =VLOOKUP($A55,LIBELLE!$A:$C,3,FALSE) -> GTIES | F55: =IF($G55="Acompte","Acompte",VLOOKUP($A55,LIBELLE!A:E,5,FALSE)) -> Prév | G55: TOTAL | H55: =IF(ISNA(VLOOKUP($G55,DIVERS!$M$1:$N$15,2,FALSE)),"",VLOOKUP($G55,DIVERS!$M$1:$N$15,2,FALSE)) | J55: =SUM(J47:J50,J53:J54) -> -37223.192 | K55: =SUM(K47:K50,K53:K54) -> -17976.598 | L55: =SUM(L47:L50,L53:L54) -> -17976.598 | M55: =SUM(M47:M50,M53:M54) -> -17976.598 | N55: =SUM(N47:N50,N53:N54) -> -16615.537 | O55: =SUM(O47:O50,O53:O54) -> -16615.537 | P55: =SUM(P47:P50,P53:P54) -> -16615.537 | Q55: =SUM(Q47:Q50,Q53:Q54) -> -9656.2111 | ... U55: =SUM(U47:U50,U53:U54) -> -14825.153 | V55: =SUM(Tableau3[[#This Row],[31/01/2015]:[31/12/2015]]) -> -209956.42
A56: RNT (X002109) | B56: =VLOOKUP($A56,LIBELLE!$A:$B,2,FALSE) -> Remise à Niveau Technique | C56: =VLOOKUP($A56,LIBELLE!A:D,4,FALSE) -> VDP | D56: =VLOOKUP($A56,LIBELLE!A:F,6,FALSE) -> NA | E56: =VLOOKUP($A56,LIBELLE!$A:$C,3,FALSE) -> GTIES | F56: =IF($G56="Acompte","Acompte",VLOOKUP($A56,LIBELLE!A:E,5,FALSE)) -> Prév | G56: CA | H56: =IF(ISNA(VLOOKUP($G56,DIVERS!$M$1:$N$15,2,FALSE)),"",VLOOKUP($G56,DIVERS!$M$1:$N$15,2,FALSE)) -> Tot VTE | J56: 0 | V56: =SUM(Tableau3[[#This Row],[31/01/2015]:[31/12/2015]]) -> 0
A57: RNT (X002109) | B57: =VLOOKUP($A57,LIBELLE!$A:$B,2,FALSE) -> Remise à Niveau Technique | C57: =VLOOKUP($A57,LIBELLE!A:D,4,FALSE) -> VDP | D57: =VLOOKUP($A57,LIBELLE!A:F,6,FALSE) -> NA | E57: =VLOOKUP($A57,LIBELLE!$A:$C,3,FALSE) -> GTIES | F57: =IF($G57="Acompte","Acompte",VLOOKUP($A57,LIBELLE!A:E,5,FALSE)) -> Prév | G57: TEC | H57: =IF(ISNA(VLOOKUP($G57,DIVERS!$M$1:$N$15,2,FALSE)),"",VLOOKUP($G57,DIVERS!$M$1:$N$15,2,FALSE)) -> €TEC FERRRO-R&D | V57: =SUM(Tableau3[[#This Row],[31/01/2015]:[31/12/2015]]) -> 0
A58: RNT (X002109) | B58: =VLOOKUP($A58,LIBELLE!$A:$B,2,FALSE) -> Remise à Niveau Technique | C58: =VLOOKUP($A58,LIBELLE!A:D,4,FALSE) -> VDP | D58: =VLOOKUP($A58,LIBELLE!A:F,6,FALSE) -> NA | E58: =VLOOKUP($A58,LIBELLE!$A:$C,3,FALSE) -> GTIES | F58: =IF($G58="Acompte","Acompte",VLOOKUP($A58,LIBELLE!A:E,5,FALSE)) -> Prév | G58: Achats pièces | H58: =IF(ISNA(VLOOKUP($G58,DIVERS!$M$1:$N$15,2,FALSE)),"",VLOOKUP($G58,DIVERS!$M$1:$N$15,2,FALSE)) -> €ACH ProdPVI | J58: -1683 | K58: -4400 | L58: -4400 | M58: -4400 | N58: -4400 | O58: -4400 | P58: -4400 | Q58: -4400 | R58: -4400 | S58: -4400 | T58: -4400 | U58: -4400 | V58: =SUM(Tableau3[[#This Row],[31/01/2015]:[31/12/2015]]) -> -50083
A59: RNT (X002109) | B59: =VLOOKUP($A59,LIBELLE!$A:$B,2,FALSE) -> Remise à Niveau Technique | C59: =VLOOKUP($A59,LIBELLE!A:D,4,FALSE) -> VDP | D59: =VLOOKUP($A59,LIBELLE!A:F,6,FALSE) -> NA | E59: =VLOOKUP($A59,LIBELLE!$A:$C,3,FALSE) -> GTIES | F59: =IF($G59="Acompte","Acompte",VLOOKUP($A59,LIBELLE!A:E,5,FALSE)) -> Prév | G59: Achats prestations | H59: =IF(ISNA(VLOOKUP($G59,DIVERS!$M$1:$N$15,2,FALSE)),"",VLOOKUP($G59,DIVERS!$M$1:$N$15,2,FALSE)) -> €ACH Sces+div | V59: =SUM(Tableau3[[#This Row],[31/01/2015]:[31/12/2015]]) -> 0
A60: RNT (X002109) | B60: =VLOOKUP($A60,LIBELLE!$A:$B,2,FALSE) -> Remise à Niveau Technique | C60: =VLOOKUP($A60,LIBELLE!A:D,4,FALSE) -> VDP | D60: =VLOOKUP($A60,LIBELLE!A:F,6,FALSE) -> NA | E60: =VLOOKUP($A60,LIBELLE!$A:$C,3,FALSE) -> GTIES | F60: =IF($G60="Acompte","Acompte",VLOOKUP($A60,LIBELLE!A:E,5,FALSE)) -> Prév | G60: Qté MO GTIE | H60: =IF(ISNA(VLOOKUP($G60,DIVERS!$M$1:$N$15,2,FALSE)),"",VLOOKUP($G60,DIVERS!$M$1:$N$15,2,FALSE)) -> Qté MO GTIE | J60: 26.85 | K60: 109.91667 | L60: 84.916667 | M60: 84.916667 | N60: 84.916667 | O60: 84.916667 | P60: 84.916667 | Q60: 84.916667 | R60: 84.916667 | S60: 84.916667 | T60: 84.916667 | U60: 84.916667 | V60: =SUM(Tableau3[[#This Row],[31/01/2015]:[31/12/2015]]) -> 985.93333
A61: RNT (X002109) | B61: =VLOOKUP($A61,LIBELLE!$A:$B,2,FALSE) -> Remise à Niveau Technique | C61: =VLOOKUP($A61,LIBELLE!A:D,4,FALSE) -> VDP | D61: =VLOOKUP($A61,LIBELLE!A:F,6,FALSE) -> NA | E61: =VLOOKUP($A61,LIBELLE!$A:$C,3,FALSE) -> GTIES | F61: =IF($G61="Acompte","Acompte",VLOOKUP($A61,LIBELLE!A:E,5,FALSE)) -> Prév | G61: Qté MO SRS | H61: =IF(ISNA(VLOOKUP($G61,DIVERS!$M$1:$N$15,2,FALSE)),"",VLOOKUP($G61,DIVERS!$M$1:$N$15,2,FALSE)) -> Qté MO SRS | V61: =SUM(Tableau3[[#This Row],[31/01/2015]:[31/12/2015]]) -> 0
A62: RNT (X002109) | B62: =VLOOKUP($A62,LIBELLE!$A:$B,2,FALSE) -> Remise à Niveau Technique | C62: =VLOOKUP($A62,LIBELLE!A:D,4,FALSE) -> VDP | D62: =VLOOKUP($A62,LIBELLE!A:F,6,FALSE) -> NA | E62: =VLOOKUP($A62,LIBELLE!$A:$C,3,FALSE) -> GTIES | F62: =IF($G62="Acompte","Acompte",VLOOKUP($A62,LIBELLE!A:E,5,FALSE)) -> Prév | G62: MO | H62: =IF(ISNA(VLOOKUP($G62,DIVERS!$M$1:$N$15,2,FALSE)),"",VLOOKUP($G62,DIVERS!$M$1:$N$15,2,FALSE)) -> 0 | J62: =J60*TxGTIE+J61*TxSRS -> -2009.2247 | K62: =K60*TxGTIE+K61*TxSRS -> -8225.2245 | L62: =L60*TxGTIE+L61*TxSRS -> -6354.438 | M62: =M60*TxGTIE+M61*TxSRS -> -6354.438 | N62: =N60*TxGTIE+N61*TxSRS -> -6354.438 | O62: =O60*TxGTIE+O61*TxSRS -> -6354.438 | P62: =P60*TxGTIE+P61*TxSRS -> -6354.438 | Q62: =Q60*TxGTIE+Q61*TxSRS -> -6354.438 | ... U62: =U60*TxGTIE+U61*TxSRS -> -6354.438 | V62: =SUM(Tableau3[[#This Row],[31/01/2015]:[31/12/2015]]) -> -73778.829
A63: RNT (X002109) | B63: =VLOOKUP($A63,LIBELLE!$A:$B,2,FALSE) -> Remise à Niveau Technique | C63: =VLOOKUP($A63,LIBELLE!A:D,4,FALSE) -> VDP | D63: =VLOOKUP($A63,LIBELLE!A:F,6,FALSE) -> NA | E63: =VLOOKUP($A63,LIBELLE!$A:$C,3,FALSE) -> GTIES | F63: =IF($G63="Acompte","Acompte",VLOOKUP($A63,LIBELLE!A:E,5,FALSE)) -> Prév | G63: FG | H63: =IF(ISNA(VLOOKUP($G63,DIVERS!$M$1:$N$15,2,FALSE)),"",VLOOKUP($G63,DIVERS!$M$1:$N$15,2,FALSE)) | J63: =SUMIF($G56:$G62,"=CA",J56:J62)*DIVERS!$B$13 -> 0 | K63: =SUMIF($G56:$G62,"=CA",K56:K62)*DIVERS!$B$13 -> 0 | L63: =SUMIF($G56:$G62,"=CA",L56:L62)*DIVERS!$B$13 -> 0 | M63: =SUMIF($G56:$G62,"=CA",M56:M62)*DIVERS!$B$13 -> 0 | N63: =SUMIF($G56:$G62,"=CA",N56:N62)*DIVERS!$B$13 -> 0 | O63: =SUMIF($G56:$G62,"=CA",O56:O62)*DIVERS!$B$13 -> 0 | P63: =SUMIF($G56:$G62,"=CA",P56:P62)*DIVERS!$B$13 -> 0 | Q63: =SUMIF($G56:$G62,"=CA",Q56:Q62)*DIVERS!$B$13 -> 0 | ... U63: =SUMIF($G56:$G62,"=CA",U56:U62)*DIVERS!$B$13 -> 0 | V63: =SUM(Tableau3[[#This Row],[31/01/2015]:[31/12/2015]]) -> 0
A64: RNT (X002109) | B64: =VLOOKUP($A64,LIBELLE!$A:$B,2,FALSE) -> Remise à Niveau Technique | C64: =VLOOKUP($A64,LIBELLE!A:D,4,FALSE) -> VDP | D64: =VLOOKUP($A64,LIBELLE!A:F,6,FALSE) -> NA | E64: =VLOOKUP($A64,LIBELLE!$A:$C,3,FALSE) -> GTIES | F64: =IF($G64="Acompte","Acompte",VLOOKUP($A64,LIBELLE!A:E,5,FALSE)) -> Prév | G64: TOTAL | H64: =IF(ISNA(VLOOKUP($G64,DIVERS!$M$1:$N$15,2,FALSE)),"",VLOOKUP($G64,DIVERS!$M$1:$N$15,2,FALSE)) | J64: =SUM(J56:J59,J62:J63) -> -3692.2247 | K64: =SUM(K56:K59,K62:K63) -> -12625.224 | L64: =SUM(L56:L59,L62:L63) -> -10754.438 | M64: =SUM(M56:M59,M62:M63) -> -10754.438 | N64: =SUM(N56:N59,N62:N63) -> -10754.438 | O64: =SUM(O56:O59,O62:O63) -> -10754.438 | P64: =SUM(P56:P59,P62:P63) -> -10754.438 | Q64: =SUM(Q56:Q59,Q62:Q63) -> -10754.438 | ... U64: =SUM(U56:U59,U62:U63) -> -10754.438 | V64: =SUM(Tableau3[[#This Row],[31/01/2015]:[31/12/2015]]) -> -123861.83
A65: CKD | B65: =VLOOKUP($A65,LIBELLE!$A:$B,2,FALSE) -> Kits CKD (Haide,…) | C65: =VLOOKUP($A65,LIBELLE!A:D,4,FALSE) -> VDP | D65: =VLOOKUP($A65,LIBELLE!A:F,6,FALSE) -> NA | E65: =VLOOKUP($A65,LIBELLE!$A:$C,3,FALSE) -> GTIES | F65: =IF($G65="Acompte","Acompte",VLOOKUP($A65,LIBELLE!A:E,5,FALSE)) -> Prév | G65: CA | H65: =IF(ISNA(VLOOKUP($G65,DIVERS!$M$1:$N$15,2,FALSE)),"",VLOOKUP($G65,DIVERS!$M$1:$N$15,2,FALSE)) -> Tot VTE | J65: 0 | V65: =SUM(Tableau3[[#This Row],[31/01/2015]:[31/12/2015]]) -> 0
A66: CKD | B66: =VLOOKUP($A66,LIBELLE!$A:$B,2,FALSE) -> Kits CKD (Haide,…) | C66: =VLOOKUP($A66,LIBELLE!A:D,4,FALSE) -> VDP | D66: =VLOOKUP($A66,LIBELLE!A:F,6,FALSE) -> NA | E66: =VLOOKUP($A66,LIBELLE!$A:$C,3,FALSE) -> GTIES | F66: =IF($G66="Acompte","Acompte",VLOOKUP($A66,LIBELLE!A:E,5,FALSE)) -> Prév | G66: TEC | H66: =IF(ISNA(VLOOKUP($G66,DIVERS!$M$1:$N$15,2,FALSE)),"",VLOOKUP($G66,DIVERS!$M$1:$N$15,2,FALSE)) -> €TEC FERRRO-R&D | V66: =SUM(Tableau3[[#This Row],[31/01/2015]:[31/12/2015]]) -> 0
A67: CKD | B67: =VLOOKUP($A67,LIBELLE!$A:$B,2,FALSE) -> Kits CKD (Haide,…) | C67: =VLOOKUP($A67,LIBELLE!A:D,4,FALSE) -> VDP | D67: =VLOOKUP($A67,LIBELLE!A:F,6,FALSE) -> NA | E67: =VLOOKUP($A67,LIBELLE!$A:$C,3,FALSE) -> GTIES | F67: =IF($G67="Acompte","Acompte",VLOOKUP($A67,LIBELLE!A:E,5,FALSE)) -> Prév | G67: Achats pièces | H67: =IF(ISNA(VLOOKUP($G67,DIVERS!$M$1:$N$15,2,FALSE)),"",VLOOKUP($G67,DIVERS!$M$1:$N$15,2,FALSE)) -> €ACH ProdPVI | V67: =SUM(Tableau3[[#This Row],[31/01/2015]:[31/12/2015]]) -> 0
A68: CKD | B68: =VLOOKUP($A68,LIBELLE!$A:$B,2,FALSE) -> Kits CKD (Haide,…) | C68: =VLOOKUP($A68,LIBELLE!A:D,4,FALSE) -> VDP | D68: =VLOOKUP($A68,LIBELLE!A:F,6,FALSE) -> NA | E68: =VLOOKUP($A68,LIBELLE!$A:$C,3,FALSE) -> GTIES | F68: =IF($G68="Acompte","Acompte",VLOOKUP($A68,LIBELLE!A:E,5,FALSE)) -> Prév | G68: Achats prestations | H68: =IF(ISNA(VLOOKUP($G68,DIVERS!$M$1:$N$15,2,FALSE)),"",VLOOKUP($G68,DIVERS!$M$1:$N$15,2,FALSE)) -> €ACH Sces+div | V68: =SUM(Tableau3[[#This Row],[31/01/2015]:[31/12/2015]]) -> 0
A69: CKD | B69: =VLOOKUP($A69,LIBELLE!$A:$B,2,FALSE) -> Kits CKD (Haide,…) | C69: =VLOOKUP($A69,LIBELLE!A:D,4,FALSE) -> VDP | D69: =VLOOKUP($A69,LIBELLE!A:F,6,FALSE) -> NA | E69: =VLOOKUP($A69,LIBELLE!$A:$C,3,FALSE) -> GTIES | F69: =IF($G69="Acompte","Acompte",VLOOKUP($A69,LIBELLE!A:E,5,FALSE)) -> Prév | G69: Qté MO GTIE | H69: =IF(ISNA(VLOOKUP($G69,DIVERS!$M$1:$N$15,2,FALSE)),"",VLOOKUP($G69,DIVERS!$M$1:$N$15,2,FALSE)) -> Qté MO GTIE | V69: =SUM(Tableau3[[#This Row],[31/01/2015]:[31/12/2015]]) -> 0
A70: CKD | B70: =VLOOKUP($A70,LIBELLE!$A:$B,2,FALSE) -> Kits CKD (Haide,…) | C70: =VLOOKUP($A70,LIBELLE!A:D,4,FALSE) -> VDP | D70: =VLOOKUP($A70,LIBELLE!A:F,6,FALSE) -> NA | E70: =VLOOKUP($A70,LIBELLE!$A:$C,3,FALSE) -> GTIES | F70: =IF($G70="Acompte","Acompte",VLOOKUP($A70,LIBELLE!A:E,5,FALSE)) -> Prév | G70: Qté MO SRS | H70: =IF(ISNA(VLOOKUP($G70,DIVERS!$M$1:$N$15,2,FALSE)),"",VLOOKUP($G70,DIVERS!$M$1:$N$15,2,FALSE)) -> Qté MO SRS | V70: =SUM(Tableau3[[#This Row],[31/01/2015]:[31/12/2015]]) -> 0
A71: CKD | B71: =VLOOKUP($A71,LIBELLE!$A:$B,2,FALSE) -> Kits CKD (Haide,…) | C71: =VLOOKUP($A71,LIBELLE!A:D,4,FALSE) -> VDP | D71: =VLOOKUP($A71,LIBELLE!A:F,6,FALSE) -> NA | E71: =VLOOKUP($A71,LIBELLE!$A:$C,3,FALSE) -> GTIES | F71: =IF($G71="Acompte","Acompte",VLOOKUP($A71,LIBELLE!A:E,5,FALSE)) -> Prév | G71: MO | H71: =IF(ISNA(VLOOKUP($G71,DIVERS!$M$1:$N$15,2,FALSE)),"",VLOOKUP($G71,DIVERS!$M$1:$N$15,2,FALSE)) -> 0 | J71: =J69*TxGTIE+J70*TxSRS -> 0 | K71: =K69*TxGTIE+K70*TxSRS -> 0 | L71: =L69*TxGTIE+L70*TxSRS -> 0 | M71: =M69*TxGTIE+M70*TxSRS -> 0 | N71: =N69*TxGTIE+N70*TxSRS -> 0 | O71: =O69*TxGTIE+O70*TxSRS -> 0 | P71: =P69*TxGTIE+P70*TxSRS -> 0 | Q71: =Q69*TxGTIE+Q70*TxSRS -> 0 | ... U71: =U69*TxGTIE+U70*TxSRS -> 0 | V71: =SUM(Tableau3[[#This Row],[31/01/2015]:[31/12/2015]]) -> 0
A72: CKD | B72: =VLOOKUP($A72,LIBELLE!$A:$B,2,FALSE) -> Kits CKD (Haide,…) | C72: =VLOOKUP($A72,LIBELLE!A:D,4,FALSE) -> VDP | D72: =VLOOKUP($A72,LIBELLE!A:F,6,FALSE) -> NA | E72: =VLOOKUP($A72,LIBELLE!$A:$C,3,FALSE) -> GTIES | F72: =IF($G72="Acompte","Acompte",VLOOKUP($A72,LIBELLE!A:E,5,FALSE)) -> Prév | G72: FG | H72: =IF(ISNA(VLOOKUP($G72,DIVERS!$M$1:$N$15,2,FALSE)),"",VLOOKUP($G72,DIVERS!$M$1:$N$15,2,FALSE)) | J72: =SUMIF($G65:$G71,"=CA",J65:J71)*DIVERS!$B$13 -> 0 | K72: =SUMIF($G65:$G71,"=CA",K65:K71)*DIVERS!$B$13 -> 0 | L72: =SUMIF($G65:$G71,"=CA",L65:L71)*DIVERS!$B$13 -> 0 | M72: =SUMIF($G65:$G71,"=CA",M65:M71)*DIVERS!$B$13 -> 0 | N72: =SUMIF($G65:$G71,"=CA",N65:N71)*DIVERS!$B$13 -> 0 | O72: =SUMIF($G65:$G71,"=CA",O65:O71)*DIVERS!$B$13 -> 0 | P72: =SUMIF($G65:$G71,"=CA",P65:P71)*DIVERS!$B$13 -> 0 | Q72: =SUMIF($G65:$G71,"=CA",Q65:Q71)*DIVERS!$B$13 -> 0 | ... U72: =SUMIF($G65:$G71,"=CA",U65:U71)*DIVERS!$B$13 -> 0 | V72: =SUM(Tableau3[[#This Row],[31/01/2015]:[31/12/2015]]) -> 0
A73: CKD | B73: =VLOOKUP($A73,LIBELLE!$A:$B,2,FALSE) -> Kits CKD (Haide,…) | C73: =VLOOKUP($A73,LIBELLE!A:D,4,FALSE) -> VDP | D73: =VLOOKUP($A73,LIBELLE!A:F,6,FALSE) -> NA | E73: =VLOOKUP($A73,LIBELLE!$A:$C,3,FALSE) -> GTIES | F73: =IF($G73="Acompte","Acompte",VLOOKUP($A73,LIBELLE!A:E,5,FALSE)) -> Prév | G73: TOTAL | H73: =IF(ISNA(VLOOKUP($G73,DIVERS!$M$1:$N$15,2,FALSE)),"",VLOOKUP($G73,DIVERS!$M$1:$N$15,2,FALSE)) | J73: =SUM(J65:J68,J71:J72) -> 0 | K73: =SUM(K65:K68,K71:K72) -> 0 | L73: =SUM(L65:L68,L71:L72) -> 0 | M73: =SUM(M65:M68,M71:M72) -> 0 | N73: =SUM(N65:N68,N71:N72) -> 0 | O73: =SUM(O65:O68,O71:O72) -> 0 | P73: =SUM(P65:P68,P71:P72) -> 0 | Q73: =SUM(Q65:Q68,Q71:Q72) -> 0 | ... U73: =SUM(U65:U68,U71:U72) -> 0 | V73: =SUM(Tableau3[[#This Row],[31/01/2015]:[31/12/2015]]) -> 0
A74: GTIES - A RENSEIGNER | B74: =VLOOKUP($A74,LIBELLE!$A:$B,2,FALSE) -> GTIES - A RENSEIGNER | C74: =VLOOKUP($A74,LIBELLE!A:D,4,FALSE) -> VDP | D74: =VLOOKUP($A74,LIBELLE!A:F,6,FALSE) -> NA | E74: =VLOOKUP($A74,LIBELLE!$A:$C,3,FALSE) -> GTIES | F74: =IF($G74="Acompte","Acompte",VLOOKUP($A74,LIBELLE!A:E,5,FALSE)) -> Prév | G74: CA | H74: =IF(ISNA(VLOOKUP($G74,DIVERS!$M$1:$N$15,2,FALSE)),"",VLOOKUP($G74,DIVERS!$M$1:$N$15,2,FALSE)) -> Tot VTE | J74: 0 | V74: =SUM(Tableau3[[#This Row],[31/01/2015]:[31/12/2015]]) -> 0
A75: GTIES - A RENSEIGNER | B75: =VLOOKUP($A75,LIBELLE!$A:$B,2,FALSE) -> GTIES - A RENSEIGNER | C75: =VLOOKUP($A75,LIBELLE!A:D,4,FALSE) -> VDP | D75: =VLOOKUP($A75,LIBELLE!A:F,6,FALSE) -> NA | E75: =VLOOKUP($A75,LIBELLE!$A:$C,3,FALSE) -> GTIES | F75: =IF($G75="Acompte","Acompte",VLOOKUP($A75,LIBELLE!A:E,5,FALSE)) -> Prév | G75: TEC | H75: =IF(ISNA(VLOOKUP($G75,DIVERS!$M$1:$N$15,2,FALSE)),"",VLOOKUP($G75,DIVERS!$M$1:$N$15,2,FALSE)) -> €TEC FERRRO-R&D | V75: =SUM(Tableau3[[#This Row],[31/01/2015]:[31/12/2015]]) -> 0
A76: GTIES - A RENSEIGNER | B76: =VLOOKUP($A76,LIBELLE!$A:$B,2,FALSE) -> GTIES - A RENSEIGNER | C76: =VLOOKUP($A76,LIBELLE!A:D,4,FALSE) -> VDP | D76: =VLOOKUP($A76,LIBELLE!A:F,6,FALSE) -> NA | E76: =VLOOKUP($A76,LIBELLE!$A:$C,3,FALSE) -> GTIES | F76: =IF($G76="Acompte","Acompte",VLOOKUP($A76,LIBELLE!A:E,5,FALSE)) -> Prév | G76: Achats pièces | H76: =IF(ISNA(VLOOKUP($G76,DIVERS!$M$1:$N$15,2,FALSE)),"",VLOOKUP($G76,DIVERS!$M$1:$N$15,2,FALSE)) -> €ACH ProdPVI | V76: =SUM(Tableau3[[#This Row],[31/01/2015]:[31/12/2015]]) -> 0
A77: GTIES - A RENSEIGNER | B77: =VLOOKUP($A77,LIBELLE!$A:$B,2,FALSE) -> GTIES - A RENSEIGNER | C77: =VLOOKUP($A77,LIBELLE!A:D,4,FALSE) -> VDP | D77: =VLOOKUP($A77,LIBELLE!A:F,6,FALSE) -> NA | E77: =VLOOKUP($A77,LIBELLE!$A:$C,3,FALSE) -> GTIES | F77: =IF($G77="Acompte","Acompte",VLOOKUP($A77,LIBELLE!A:E,5,FALSE)) -> Prév | G77: Achats prestations | H77: =IF(ISNA(VLOOKUP($G77,DIVERS!$M$1:$N$15,2,FALSE)),"",VLOOKUP($G77,DIVERS!$M$1:$N$15,2,FALSE)) -> €ACH Sces+div | V77: =SUM(Tableau3[[#This Row],[31/01/2015]:[31/12/2015]]) -> 0
A78: GTIES - A RENSEIGNER | B78: =VLOOKUP($A78,LIBELLE!$A:$B,2,FALSE) -> GTIES - A RENSEIGNER | C78: =VLOOKUP($A78,LIBELLE!A:D,4,FALSE) -> VDP | D78: =VLOOKUP($A78,LIBELLE!A:F,6,FALSE) -> NA | E78: =VLOOKUP($A78,LIBELLE!$A:$C,3,FALSE) -> GTIES | F78: =IF($G78="Acompte","Acompte",VLOOKUP($A78,LIBELLE!A:E,5,FALSE)) -> Prév | G78: Qté MO GTIE | H78: =IF(ISNA(VLOOKUP($G78,DIVERS!$M$1:$N$15,2,FALSE)),"",VLOOKUP($G78,DIVERS!$M$1:$N$15,2,FALSE)) -> Qté MO GTIE | V78: =SUM(Tableau3[[#This Row],[31/01/2015]:[31/12/2015]]) -> 0
A79: GTIES - A RENSEIGNER | B79: =VLOOKUP($A79,LIBELLE!$A:$B,2,FALSE) -> GTIES - A RENSEIGNER | C79: =VLOOKUP($A79,LIBELLE!A:D,4,FALSE) -> VDP | D79: =VLOOKUP($A79,LIBELLE!A:F,6,FALSE) -> NA | E79: =VLOOKUP($A79,LIBELLE!$A:$C,3,FALSE) -> GTIES | F79: =IF($G79="Acompte","Acompte",VLOOKUP($A79,LIBELLE!A:E,5,FALSE)) -> Prév | G79: Qté MO SRS | H79: =IF(ISNA(VLOOKUP($G79,DIVERS!$M$1:$N$15,2,FALSE)),"",VLOOKUP($G79,DIVERS!$M$1:$N$15,2,FALSE)) -> Qté MO SRS | V79: =SUM(Tableau3[[#This Row],[31/01/2015]:[31/12/2015]]) -> 0
A80: GTIES - A RENSEIGNER | B80: =VLOOKUP($A80,LIBELLE!$A:$B,2,FALSE) -> GTIES - A RENSEIGNER | C80: =VLOOKUP($A80,LIBELLE!A:D,4,FALSE) -> VDP | D80: =VLOOKUP($A80,LIBELLE!A:F,6,FALSE) -> NA | E80: =VLOOKUP($A80,LIBELLE!$A:$C,3,FALSE) -> GTIES | F80: =IF($G80="Acompte","Acompte",VLOOKUP($A80,LIBELLE!A:E,5,FALSE)) -> Prév | G80: MO | H80: =IF(ISNA(VLOOKUP($G80,DIVERS!$M$1:$N$15,2,FALSE)),"",VLOOKUP($G80,DIVERS!$M$1:$N$15,2,FALSE)) -> 0 | J80: =J78*TxGTIE+J79*TxSRS -> 0 | K80: =K78*TxGTIE+K79*TxSRS -> 0 | L80: =L78*TxGTIE+L79*TxSRS -> 0 | M80: =M78*TxGTIE+M79*TxSRS -> 0 | N80: =N78*TxGTIE+N79*TxSRS -> 0 | O80: =O78*TxGTIE+O79*TxSRS -> 0 | P80: =P78*TxGTIE+P79*TxSRS -> 0 | Q80: =Q78*TxGTIE+Q79*TxSRS -> 0 | ... U80: =U78*TxGTIE+U79*TxSRS -> 0 | V80: =SUM(Tableau3[[#This Row],[31/01/2015]:[31/12/2015]]) -> 0
A81: GTIES - A RENSEIGNER | B81: =VLOOKUP($A81,LIBELLE!$A:$B,2,FALSE) -> GTIES - A RENSEIGNER | C81: =VLOOKUP($A81,LIBELLE!A:D,4,FALSE) -> VDP | D81: =VLOOKUP($A81,LIBELLE!A:F,6,FALSE) -> NA | E81: =VLOOKUP($A81,LIBELLE!$A:$C,3,FALSE) -> GTIES | F81: =IF($G81="Acompte","Acompte",VLOOKUP($A81,LIBELLE!A:E,5,FALSE)) -> Prév | G81: FG | H81: =IF(ISNA(VLOOKUP($G81,DIVERS!$M$1:$N$15,2,FALSE)),"",VLOOKUP($G81,DIVERS!$M$1:$N$15,2,FALSE)) | J81: =SUMIF($G74:$G80,"=CA",J74:J80)*DIVERS!$B$13 -> 0 | K81: =SUMIF($G74:$G80,"=CA",K74:K80)*DIVERS!$B$13 -> 0 | L81: =SUMIF($G74:$G80,"=CA",L74:L80)*DIVERS!$B$13 -> 0 | M81: =SUMIF($G74:$G80,"=CA",M74:M80)*DIVERS!$B$13 -> 0 | N81: =SUMIF($G74:$G80,"=CA",N74:N80)*DIVERS!$B$13 -> 0 | O81: =SUMIF($G74:$G80,"=CA",O74:O80)*DIVERS!$B$13 -> 0 | P81: =SUMIF($G74:$G80,"=CA",P74:P80)*DIVERS!$B$13 -> 0 | Q81: =SUMIF($G74:$G80,"=CA",Q74:Q80)*DIVERS!$B$13 -> 0 | ... U81: =SUMIF($G74:$G80,"=CA",U74:U80)*DIVERS!$B$13 -> 0 | V81: =SUM(Tableau3[[#This Row],[31/01/2015]:[31/12/2015]]) -> 0
A82: GTIES - A RENSEIGNER | B82: =VLOOKUP($A82,LIBELLE!$A:$B,2,FALSE) -> GTIES - A RENSEIGNER | C82: =VLOOKUP($A82,LIBELLE!A:D,4,FALSE) -> VDP | D82: =VLOOKUP($A82,LIBELLE!A:F,6,FALSE) -> NA | E82: =VLOOKUP($A82,LIBELLE!$A:$C,3,FALSE) -> GTIES | F82: =IF($G82="Acompte","Acompte",VLOOKUP($A82,LIBELLE!A:E,5,FALSE)) -> Prév | G82: TOTAL | H82: =IF(ISNA(VLOOKUP($G82,DIVERS!$M$1:$N$15,2,FALSE)),"",VLOOKUP($G82,DIVERS!$M$1:$N$15,2,FALSE)) | J82: =SUM(J74:J77,J80:J81) -> 0 | K82: =SUM(K74:K77,K80:K81) -> 0 | L82: =SUM(L74:L77,L80:L81) -> 0 | M82: =SUM(M74:M77,M80:M81) -> 0 | N82: =SUM(N74:N77,N80:N81) -> 0 | O82: =SUM(O74:O77,O80:O81) -> 0 | P82: =SUM(P74:P77,P80:P81) -> 0 | Q82: =SUM(Q74:Q77,Q80:Q81) -> 0 | ... U82: =SUM(U74:U77,U80:U81) -> 0 | V82: =SUM(Tableau3[[#This Row],[31/01/2015]:[31/12/2015]]) -> 0

Sheet BaseActivité
K3: HYPT | M3: HYPT | N3: HYPT | O3: HYPT | P3: HYPT | Q3: HYPT | R3: HYPT | S3: HYPT | T3: HYPT | U3: HYPT | V3: HYPT | W3: HYPT | X3: HYPT | Z3: Calcul
M4: €ACH | N4: €ACH | O4: €ACH | P4: €ACH | Q4: €ACH | R4: QMO | S4: QMO | T4: QMO | U4: QMO | V4: QMO | W4: QMO | X4: QMO
K5: 2 | M5: 4 | N5: 5 | O5: 6 | P5: 7 | Q5: 8 | R5: 13 | S5: 15 | T5: 10 | U5: 12 | V5: 14 | W5: 16 | X5: 11
A6: Produit | B6: Statut | C6: Projet | D6: Client | E6: Contremarque | F6: VIN | G6: Date | H6: Quantité | I6: Quantité Budget | J6: Trimestre | K6: Tot VTE | L6: €TEC FERRRO-R&D | M6: €ACH ProdPVI | N6: €ACH BBX | O6: €ACH Chassis | P6: €ACH Carross | Q6: €ACH Sces+div | R6: Qté MO ESC | S6: Qté MO BE | T6: Qté MO GTIE | U6: Qté MO MNT | V6: Qté MO PR | W6: Qté MO PROD | X6: Qté MO SRS | Y6: Total Qté MO | Z6: Mois VTE
A7: GTIES | B7: Prév | G7: 42035 | J7: =IF(YEAR(Base[[#This Row],[Date]])=2015,ROUNDDOWN((MONTH(Base[[#This Row],[Date]])-1)/3,0)+1,"") -> 1 | K7: =SUMPRODUCT((Base[[#This Row],[Produit]]=Tableau3[PRODUIT])*(Base[[#This Row],[Date]]=Tableau3[[#Headers],[31/01/2015]:[31/12/2015]])*(Base[[#This Row],[Statut]]=Tableau3[STATUT PROJET])*(Base[[#Headers],[Tot VTE]]=Tableau3[TYPE Autre])*(Tableau3[[31/01/2015]:[31/12/2015]]/1000)) -> 0 | L7: =SUMPRODUCT((Base[[#This Row],[Produit]]=Tableau3[PRODUIT])*(Base[[#This Row],[Date]]=Tableau3[[#Headers],[31/01/2015]:[31/12/2015]])*(Base[[#This Row],[Statut]]=Tableau3[STATUT PROJET])*(Base[[#Headers],[€TEC FERRRO-R&D]]=Tableau3[TYPE Autre])*(Tableau3[[31/01/2015]:[31/12/2015]]/1000)) -> 0 | M7: =SUMPRODUCT((Base[[#This Row],[Produit]]=Tableau3[PRODUIT])*(Base[[#This Row],[Date]]=Tableau3[[#Headers],[31/01/2015]:[31/12/2015]])*(Base[[#This Row],[Statut]]=Tableau3[STATUT PROJET])*(Base[[#Headers],[€ACH ProdPVI]]=Tableau3[TYPE Autre])*(Tableau3[[31/01/2015]:[31/12/2015]]/1000)) -> 0 | N7: =SUMPRODUCT((Base[[#This Row],[Produit]]=Tableau3[PRODUIT])*(Base[[#This Row],[Date]]=Tableau3[[#Headers],[31/01/2015]:[31/12/2015]])*(Base[[#This Row],[Statut]]=Tableau3[STATUT PROJET])*(Base[[#Headers],[€ACH BBX]]=Tableau3[TYPE Autre])*(Tableau3[[31/01/2015]:[31/12/2015]]/1000)) -> 0 | O7: =SUMPRODUCT((Base[[#This Row],[Produit]]=Tableau3[PRODUIT])*(Base[[#This Row],[Date]]=Tableau3[[#Headers],[31/01/2015]:[31/12/2015]])*(Base[[#This Row],[Statut]]=Tableau3[STATUT PROJET])*(Base[[#Headers],[€ACH Chassis]]=Tableau3[TYPE Autre])*(Tableau3[[31/01/2015]:[31/12/2015]]/1000)) -> 0 | P7: =SUMPRODUCT((Base[[#This Row],[Produit]]=Tableau3[PRODUIT])*(Base[[#This Row],[Date]]=Tableau3[[#Headers],[31/01/2015]:[31/12/2015]])*(Base[[#This Row],[Statut]]=Tableau3[STATUT PROJET])*(Base[[#Headers],[€ACH Carross]]=Tableau3[TYPE Autre])*(Tableau3[[31/01/2015]:[31/12/2015]]/1000)) -> 0 | Q7: =SUMPRODUCT((Base[[#This Row],[Produit]]=Tableau3[PRODUIT])*(Base[[#This Row],[Date]]=Tableau3[[#Headers],[31/01/2015]:[31/12/2015]])*(Base[[#This Row],[Statut]]=Tableau3[STATUT PROJET])*(Base[[#Headers],[€ACH Sces+div]]=Tableau3[TYPE Autre])*(Tableau3[[31/01/2015]:[31/12/2015]]/1000)) -> 0 | R7: =SUMPRODUCT((Base[[#This Row],[Produit]]=Tableau3[PRODUIT])*(Base[[#This Row],[Date]]=Tableau3[[#Headers],[31/01/2015]:[31/12/2015]])*(Base[[#This Row],[Statut]]=Tableau3[STATUT PROJET])*(Base[[#Headers],[Qté MO ESC]]=Tableau3[TYPE Autre])*(Tableau3[[31/01/2015]:[31/12/2015]]/1000)) -> 0 | S7: =SUMPRODUCT((Base[[#This Row],[Produit]]=Tableau3[PRODUIT])*(Base[[#This Row],[Date]]=Tableau3[[#Headers],[31/01/2015]:[31/12/2015]])*(Base[[#This Row],[Statut]]=Tableau3[STATUT PROJET])*(Base[[#Headers],[Qté MO BE]]=Tableau3[TYPE Autre])*(Tableau3[[31/01/2015]:[31/12/2015]]/1000)) -> 0 | T7: =SUMPRODUCT((Base[[#This Row],[Produit]]=Tableau3[PRODUIT])*(Base[[#This Row],[Date]]=Tableau3[[#Headers],[31/01/2015]:[31/12/2015]])*(Base[[#This Row],[Statut]]=Tableau3[STATUT PROJET])*(Base[[#Headers],[Qté MO GTIE]]=Tableau3[TYPE Autre])*(Tableau3[[31/01/2015]:[31/12/2015]]/1000)) -> 0 | U7: =SUMPRODUCT((Base[[#This Row],[Produit]]=Tableau3[PRODUIT])*(Base[[#This Row],[Date]]=Tableau3[[#Headers],[31/01/2015]:[31/12/2015]])*(Base[[#This Row],[Statut]]=Tableau3[STATUT PROJET])*(Base[[#Headers],[Qté MO MNT]]=Tableau3[TYPE Autre])*(Tableau3[[31/01/2015]:[31/12/2015]]/1000)) -> 0 | V7: =SUMPRODUCT((Base[[#This Row],[Produit]]=Tableau3[PRODUIT])*(Base[[#This Row],[Date]]=Tableau3[[#Headers],[31/01/2015]:[31/12/2015]])*(Base[[#This Row],[Statut]]=Tableau3[STATUT PROJET])*(Base[[#Headers],[Qté MO PR]]=Tableau3[TYPE Autre])*(Tableau3[[31/01/2015]:[31/12/2015]]/1000)) -> 0 | W7: =SUMPRODUCT((Base[[#This Row],[Produit]]=Tableau3[PRODUIT])*(Base[[#This Row],[Date]]=Tableau3[[#Headers],[31/01/2015]:[31/12/2015]])*(Base[[#This Row],[Statut]]=Tableau3[STATUT PROJET])*(Base[[#Headers],[Qté MO PROD]]=Tableau3[TYPE Autre])*(Tableau3[[31/01/2015]:[31/12/2015]]/1000)) -> 0 | X7: =SUMPRODUCT((Base[[#This Row],[Produit]]=Tableau3[PRODUIT])*(Base[[#This Row],[Date]]=Tableau3[[#Headers],[31/01/2015]:[31/12/2015]])*(Base[[#This Row],[Statut]]=Tableau3[STATUT PROJET])*(Base[[#Headers],[Qté MO SRS]]=Tableau3[TYPE Autre])*(Tableau3[[31/01/2015]:[31/12/2015]]/1000)) -> 0 | Y7: =SUM(Base[[#This Row],[Qté MO ESC]:[Qté MO SRS]]) -> 0 | Z7: =EOMONTH(BaseActivité!$G7,0) -> 42035
A8: GTIES | B8: Prév | G8: 42063 | J8: =IF(YEAR(Base[[#This Row],[Date]])=2015,ROUNDDOWN((MONTH(Base[[#This Row],[Date]])-1)/3,0)+1,"") -> 1 | K8: =SUMPRODUCT((Base[[#This Row],[Produit]]=Tableau3[PRODUIT])*(Base[[#This Row],[Date]]=Tableau3[[#Headers],[31/01/2015]:[31/12/2015]])*(Base[[#This Row],[Statut]]=Tableau3[STATUT PROJET])*(Base[[#Headers],[Tot VTE]]=Tableau3[TYPE Autre])*(Tableau3[[31/01/2015]:[31/12/2015]]/1000)) -> 0 | L8: =SUMPRODUCT((Base[[#This Row],[Produit]]=Tableau3[PRODUIT])*(Base[[#This Row],[Date]]=Tableau3[[#Headers],[31/01/2015]:[31/12/2015]])*(Base[[#This Row],[Statut]]=Tableau3[STATUT PROJET])*(Base[[#Headers],[€TEC FERRRO-R&D]]=Tableau3[TYPE Autre])*(Tableau3[[31/01/2015]:[31/12/2015]]/1000)) -> 0 | M8: =SUMPRODUCT((Base[[#This Row],[Produit]]=Tableau3[PRODUIT])*(Base[[#This Row],[Date]]=Tableau3[[#Headers],[31/01/2015]:[31/12/2015]])*(Base[[#This Row],[Statut]]=Tableau3[STATUT PROJET])*(Base[[#Headers],[€ACH ProdPVI]]=Tableau3[TYPE Autre])*(Tableau3[[31/01/2015]:[31/12/2015]]/1000)) -> 0 | N8: =SUMPRODUCT((Base[[#This Row],[Produit]]=Tableau3[PRODUIT])*(Base[[#This Row],[Date]]=Tableau3[[#Headers],[31/01/2015]:[31/12/2015]])*(Base[[#This Row],[Statut]]=Tableau3[STATUT PROJET])*(Base[[#Headers],[€ACH BBX]]=Tableau3[TYPE Autre])*(Tableau3[[31/01/2015]:[31/12/2015]]/1000)) -> 0 | O8: =SUMPRODUCT((Base[[#This Row],[Produit]]=Tableau3[PRODUIT])*(Base[[#This Row],[Date]]=Tableau3[[#Headers],[31/01/2015]:[31/12/2015]])*(Base[[#This Row],[Statut]]=Tableau3[STATUT PROJET])*(Base[[#Headers],[€ACH Chassis]]=Tableau3[TYPE Autre])*(Tableau3[[31/01/2015]:[31/12/2015]]/1000)) -> 0 | P8: =SUMPRODUCT((Base[[#This Row],[Produit]]=Tableau3[PRODUIT])*(Base[[#This Row],[Date]]=Tableau3[[#Headers],[31/01/2015]:[31/12/2015]])*(Base[[#This Row],[Statut]]=Tableau3[STATUT PROJET])*(Base[[#Headers],[€ACH Carross]]=Tableau3[TYPE Autre])*(Tableau3[[31/01/2015]:[31/12/2015]]/1000)) -> 0 | Q8: =SUMPRODUCT((Base[[#This Row],[Produit]]=Tableau3[PRODUIT])*(Base[[#This Row],[Date]]=Tableau3[[#Headers],[31/01/2015]:[31/12/2015]])*(Base[[#This Row],[Statut]]=Tableau3[STATUT PROJET])*(Base[[#Headers],[€ACH Sces+div]]=Tableau3[TYPE Autre])*(Tableau3[[31/01/2015]:[31/12/2015]]/1000)) -> 0 | R8: =SUMPRODUCT((Base[[#This Row],[Produit]]=Tableau3[PRODUIT])*(Base[[#This Row],[Date]]=Tableau3[[#Headers],[31/01/2015]:[31/12/2015]])*(Base[[#This Row],[Statut]]=Tableau3[STATUT PROJET])*(Base[[#Headers],[Qté MO ESC]]=Tableau3[TYPE Autre])*(Tableau3[[31/01/2015]:[31/12/2015]]/1000)) -> 0 | S8: =SUMPRODUCT((Base[[#This Row],[Produit]]=Tableau3[PRODUIT])*(Base[[#This Row],[Date]]=Tableau3[[#Headers],[31/01/2015]:[31/12/2015]])*(Base[[#This Row],[Statut]]=Tableau3[STATUT PROJET])*(Base[[#Headers],[Qté MO BE]]=Tableau3[TYPE Autre])*(Tableau3[[31/01/2015]:[31/12/2015]]/1000)) -> 0 | T8: =SUMPRODUCT((Base[[#This Row],[Produit]]=Tableau3[PRODUIT])*(Base[[#This Row],[Date]]=Tableau3[[#Headers],[31/01/2015]:[31/12/2015]])*(Base[[#This Row],[Statut]]=Tableau3[STATUT PROJET])*(Base[[#Headers],[Qté MO GTIE]]=Tableau3[TYPE Autre])*(Tableau3[[31/01/2015]:[31/12/2015]]/1000)) -> 0 | U8: =SUMPRODUCT((Base[[#This Row],[Produit]]=Tableau3[PRODUIT])*(Base[[#This Row],[Date]]=Tableau3[[#Headers],[31/01/2015]:[31/12/2015]])*(Base[[#This Row],[Statut]]=Tableau3[STATUT PROJET])*(Base[[#Headers],[Qté MO MNT]]=Tableau3[TYPE Autre])*(Tableau3[[31/01/2015]:[31/12/2015]]/1000)) -> 0 | V8: =SUMPRODUCT((Base[[#This Row],[Produit]]=Tableau3[PRODUIT])*(Base[[#This Row],[Date]]=Tableau3[[#Headers],[31/01/2015]:[31/12/2015]])*(Base[[#This Row],[Statut]]=Tableau3[STATUT PROJET])*(Base[[#Headers],[Qté MO PR]]=Tableau3[TYPE Autre])*(Tableau3[[31/01/2015]:[31/12/2015]]/1000)) -> 0 | W8: =SUMPRODUCT((Base[[#This Row],[Produit]]=Tableau3[PRODUIT])*(Base[[#This Row],[Date]]=Tableau3[[#Headers],[31/01/2015]:[31/12/2015]])*(Base[[#This Row],[Statut]]=Tableau3[STATUT PROJET])*(Base[[#Headers],[Qté MO PROD]]=Tableau3[TYPE Autre])*(Tableau3[[31/01/2015]:[31/12/2015]]/1000)) -> 0 | X8: =SUMPRODUCT((Base[[#This Row],[Produit]]=Tableau3[PRODUIT])*(Base[[#This Row],[Date]]=Tableau3[[#Headers],[31/01/2015]:[31/12/2015]])*(Base[[#This Row],[Statut]]=Tableau3[STATUT PROJET])*(Base[[#Headers],[Qté MO SRS]]=Tableau3[TYPE Autre])*(Tableau3[[31/01/2015]:[31/12/2015]]/1000)) -> 0 | Y8: =SUM(Base[[#This Row],[Qté MO ESC]:[Qté MO SRS]]) -> 0 | Z8: =EOMONTH(BaseActivité!$G8,0) -> 42063
A9: GTIES | B9: Prév | G9: 42094 | J9: =IF(YEAR(Base[[#This Row],[Date]])=2015,ROUNDDOWN((MONTH(Base[[#This Row],[Date]])-1)/3,0)+1,"") -> 1 | K9: =SUMPRODUCT((Base[[#This Row],[Produit]]=Tableau3[PRODUIT])*(Base[[#This Row],[Date]]=Tableau3[[#Headers],[31/01/2015]:[31/12/2015]])*(Base[[#This Row],[Statut]]=Tableau3[STATUT PROJET])*(Base[[#Headers],[Tot VTE]]=Tableau3[TYPE Autre])*(Tableau3[[31/01/2015]:[31/12/2015]]/1000)) -> 0 | L9: =SUMPRODUCT((Base[[#This Row],[Produit]]=Tableau3[PRODUIT])*(Base[[#This Row],[Date]]=Tableau3[[#Headers],[31/01/2015]:[31/12/2015]])*(Base[[#This Row],[Statut]]=Tableau3[STATUT PROJET])*(Base[[#Headers],[€TEC FERRRO-R&D]]=Tableau3[TYPE Autre])*(Tableau3[[31/01/2015]:[31/12/2015]]/1000)) -> 0 | M9: =SUMPRODUCT((Base[[#This Row],[Produit]]=Tableau3[PRODUIT])*(Base[[#This Row],[Date]]=Tableau3[[#Headers],[31/01/2015]:[31/12/2015]])*(Base[[#This Row],[Statut]]=Tableau3[STATUT PROJET])*(Base[[#Headers],[€ACH ProdPVI]]=Tableau3[TYPE Autre])*(Tableau3[[31/01/2015]:[31/12/2015]]/1000)) -> 0 | N9: =SUMPRODUCT((Base[[#This Row],[Produit]]=Tableau3[PRODUIT])*(Base[[#This Row],[Date]]=Tableau3[[#Headers],[31/01/2015]:[31/12/2015]])*(Base[[#This Row],[Statut]]=Tableau3[STATUT PROJET])*(Base[[#Headers],[€ACH BBX]]=Tableau3[TYPE Autre])*(Tableau3[[31/01/2015]:[31/12/2015]]/1000)) -> 0 | O9: =SUMPRODUCT((Base[[#This Row],[Produit]]=Tableau3[PRODUIT])*(Base[[#This Row],[Date]]=Tableau3[[#Headers],[31/01/2015]:[31/12/2015]])*(Base[[#This Row],[Statut]]=Tableau3[STATUT PROJET])*(Base[[#Headers],[€ACH Chassis]]=Tableau3[TYPE Autre])*(Tableau3[[31/01/2015]:[31/12/2015]]/1000)) -> 0 | P9: =SUMPRODUCT((Base[[#This Row],[Produit]]=Tableau3[PRODUIT])*(Base[[#This Row],[Date]]=Tableau3[[#Headers],[31/01/2015]:[31/12/2015]])*(Base[[#This Row],[Statut]]=Tableau3[STATUT PROJET])*(Base[[#Headers],[€ACH Carross]]=Tableau3[TYPE Autre])*(Tableau3[[31/01/2015]:[31/12/2015]]/1000)) -> 0 | Q9: =SUMPRODUCT((Base[[#This Row],[Produit]]=Tableau3[PRODUIT])*(Base[[#This Row],[Date]]=Tableau3[[#Headers],[31/01/2015]:[31/12/2015]])*(Base[[#This Row],[Statut]]=Tableau3[STATUT PROJET])*(Base[[#Headers],[€ACH Sces+div]]=Tableau3[TYPE Autre])*(Tableau3[[31/01/2015]:[31/12/2015]]/1000)) -> 0 | R9: =SUMPRODUCT((Base[[#This Row],[Produit]]=Tableau3[PRODUIT])*(Base[[#This Row],[Date]]=Tableau3[[#Headers],[31/01/2015]:[31/12/2015]])*(Base[[#This Row],[Statut]]=Tableau3[STATUT PROJET])*(Base[[#Headers],[Qté MO ESC]]=Tableau3[TYPE Autre])*(Tableau3[[31/01/2015]:[31/12/2015]]/1000)) -> 0 | S9: =SUMPRODUCT((Base[[#This Row],[Produit]]=Tableau3[PRODUIT])*(Base[[#This Row],[Date]]=Tableau3[[#Headers],[31/01/2015]:[31/12/2015]])*(Base[[#This Row],[Statut]]=Tableau3[STATUT PROJET])*(Base[[#Headers],[Qté MO BE]]=Tableau3[TYPE Autre])*(Tableau3[[31/01/2015]:[31/12/2015]]/1000)) -> 0 | T9: =SUMPRODUCT((Base[[#This Row],[Produit]]=Tableau3[PRODUIT])*(Base[[#This Row],[Date]]=Tableau3[[#Headers],[31/01/2015]:[31/12/2015]])*(Base[[#This Row],[Statut]]=Tableau3[STATUT PROJET])*(Base[[#Headers],[Qté MO GTIE]]=Tableau3[TYPE Autre])*(Tableau3[[31/01/2015]:[31/12/2015]]/1000)) -> 0 | U9: =SUMPRODUCT((Base[[#This Row],[Produit]]=Tableau3[PRODUIT])*(Base[[#This Row],[Date]]=Tableau3[[#Headers],[31/01/2015]:[31/12/2015]])*(Base[[#This Row],[Statut]]=Tableau3[STATUT PROJET])*(Base[[#Headers],[Qté MO MNT]]=Tableau3[TYPE Autre])*(Tableau3[[31/01/2015]:[31/12/2015]]/1000)) -> 0 | V9: =SUMPRODUCT((Base[[#This Row],[Produit]]=Tableau3[PRODUIT])*(Base[[#This Row],[Date]]=Tableau3[[#Headers],[31/01/2015]:[31/12/2015]])*(Base[[#This Row],[Statut]]=Tableau3[STATUT PROJET])*(Base[[#Headers],[Qté MO PR]]=Tableau3[TYPE Autre])*(Tableau3[[31/01/2015]:[31/12/2015]]/1000)) -> 0 | W9: =SUMPRODUCT((Base[[#This Row],[Produit]]=Tableau3[PRODUIT])*(Base[[#This Row],[Date]]=Tableau3[[#Headers],[31/01/2015]:[31/12/2015]])*(Base[[#This Row],[Statut]]=Tableau3[STATUT PROJET])*(Base[[#Headers],[Qté MO PROD]]=Tableau3[TYPE Autre])*(Tableau3[[31/01/2015]:[31/12/2015]]/1000)) -> 0 | X9: =SUMPRODUCT((Base[[#This Row],[Produit]]=Tableau3[PRODUIT])*(Base[[#This Row],[Date]]=Tableau3[[#Headers],[31/01/2015]:[31/12/2015]])*(Base[[#This Row],[Statut]]=Tableau3[STATUT PROJET])*(Base[[#Headers],[Qté MO SRS]]=Tableau3[TYPE Autre])*(Tableau3[[31/01/2015]:[31/12/2015]]/1000)) -> 0 | Y9: =SUM(Base[[#This Row],[Qté MO ESC]:[Qté MO SRS]]) -> 0 | Z9: =EOMONTH(BaseActivité!$G9,0) -> 42094
A10: GTIES | B10: Prév | G10: 42124 | J10: =IF(YEAR(Base[[#This Row],[Date]])=2015,ROUNDDOWN((MONTH(Base[[#This Row],[Date]])-1)/3,0)+1,"") -> 2 | K10: =SUMPRODUCT((Base[[#This Row],[Produit]]=Tableau3[PRODUIT])*(Base[[#This Row],[Date]]=Tableau3[[#Headers],[31/01/2015]:[31/12/2015]])*(Base[[#This Row],[Statut]]=Tableau3[STATUT PROJET])*(Base[[#Headers],[Tot VTE]]=Tableau3[TYPE Autre])*(Tableau3[[31/01/2015]:[31/12/2015]]/1000)) -> 0 | L10: =SUMPRODUCT((Base[[#This Row],[Produit]]=Tableau3[PRODUIT])*(Base[[#This Row],[Date]]=Tableau3[[#Headers],[31/01/2015]:[31/12/2015]])*(Base[[#This Row],[Statut]]=Tableau3[STATUT PROJET])*(Base[[#Headers],[€TEC FERRRO-R&D]]=Tableau3[TYPE Autre])*(Tableau3[[31/01/2015]:[31/12/2015]]/1000)) -> 0 | M10: =SUMPRODUCT((Base[[#This Row],[Produit]]=Tableau3[PRODUIT])*(Base[[#This Row],[Date]]=Tableau3[[#Headers],[31/01/2015]:[31/12/2015]])*(Base[[#This Row],[Statut]]=Tableau3[STATUT PROJET])*(Base[[#Headers],[€ACH ProdPVI]]=Tableau3[TYPE Autre])*(Tableau3[[31/01/2015]:[31/12/2015]]/1000)) -> 0 | N10: =SUMPRODUCT((Base[[#This Row],[Produit]]=Tableau3[PRODUIT])*(Base[[#This Row],[Date]]=Tableau3[[#Headers],[31/01/2015]:[31/12/2015]])*(Base[[#This Row],[Statut]]=Tableau3[STATUT PROJET])*(Base[[#Headers],[€ACH BBX]]=Tableau3[TYPE Autre])*(Tableau3[[31/01/2015]:[31/12/2015]]/1000)) -> 0 | O10: =SUMPRODUCT((Base[[#This Row],[Produit]]=Tableau3[PRODUIT])*(Base[[#This Row],[Date]]=Tableau3[[#Headers],[31/01/2015]:[31/12/2015]])*(Base[[#This Row],[Statut]]=Tableau3[STATUT PROJET])*(Base[[#Headers],[€ACH Chassis]]=Tableau3[TYPE Autre])*(Tableau3[[31/01/2015]:[31/12/2015]]/1000)) -> 0 | P10: =SUMPRODUCT((Base[[#This Row],[Produit]]=Tableau3[PRODUIT])*(Base[[#This Row],[Date]]=Tableau3[[#Headers],[31/01/2015]:[31/12/2015]])*(Base[[#This Row],[Statut]]=Tableau3[STATUT PROJET])*(Base[[#Headers],[€ACH Carross]]=Tableau3[TYPE Autre])*(Tableau3[[31/01/2015]:[31/12/2015]]/1000)) -> 0 | Q10: =SUMPRODUCT((Base[[#This Row],[Produit]]=Tableau3[PRODUIT])*(Base[[#This Row],[Date]]=Tableau3[[#Headers],[31/01/2015]:[31/12/2015]])*(Base[[#This Row],[Statut]]=Tableau3[STATUT PROJET])*(Base[[#Headers],[€ACH Sces+div]]=Tableau3[TYPE Autre])*(Tableau3[[31/01/2015]:[31/12/2015]]/1000)) -> 0 | R10: =SUMPRODUCT((Base[[#This Row],[Produit]]=Tableau3[PRODUIT])*(Base[[#This Row],[Date]]=Tableau3[[#Headers],[31/01/2015]:[31/12/2015]])*(Base[[#This Row],[Statut]]=Tableau3[STATUT PROJET])*(Base[[#Headers],[Qté MO ESC]]=Tableau3[TYPE Autre])*(Tableau3[[31/01/2015]:[31/12/2015]]/1000)) -> 0 | S10: =SUMPRODUCT((Base[[#This Row],[Produit]]=Tableau3[PRODUIT])*(Base[[#This Row],[Date]]=Tableau3[[#Headers],[31/01/2015]:[31/12/2015]])*(Base[[#This Row],[Statut]]=Tableau3[STATUT PROJET])*(Base[[#Headers],[Qté MO BE]]=Tableau3[TYPE Autre])*(Tableau3[[31/01/2015]:[31/12/2015]]/1000)) -> 0 | T10: =SUMPRODUCT((Base[[#This Row],[Produit]]=Tableau3[PRODUIT])*(Base[[#This Row],[Date]]=Tableau3[[#Headers],[31/01/2015]:[31/12/2015]])*(Base[[#This Row],[Statut]]=Tableau3[STATUT PROJET])*(Base[[#Headers],[Qté MO GTIE]]=Tableau3[TYPE Autre])*(Tableau3[[31/01/2015]:[31/12/2015]]/1000)) -> 0 | U10: =SUMPRODUCT((Base[[#This Row],[Produit]]=Tableau3[PRODUIT])*(Base[[#This Row],[Date]]=Tableau3[[#Headers],[31/01/2015]:[31/12/2015]])*(Base[[#This Row],[Statut]]=Tableau3[STATUT PROJET])*(Base[[#Headers],[Qté MO MNT]]=Tableau3[TYPE Autre])*(Tableau3[[31/01/2015]:[31/12/2015]]/1000)) -> 0 | V10: =SUMPRODUCT((Base[[#This Row],[Produit]]=Tableau3[PRODUIT])*(Base[[#This Row],[Date]]=Tableau3[[#Headers],[31/01/2015]:[31/12/2015]])*(Base[[#This Row],[Statut]]=Tableau3[STATUT PROJET])*(Base[[#Headers],[Qté MO PR]]=Tableau3[TYPE Autre])*(Tableau3[[31/01/2015]:[31/12/2015]]/1000)) -> 0 | W10: =SUMPRODUCT((Base[[#This Row],[Produit]]=Tableau3[PRODUIT])*(Base[[#This Row],[Date]]=Tableau3[[#Headers],[31/01/2015]:[31/12/2015]])*(Base[[#This Row],[Statut]]=Tableau3[STATUT PROJET])*(Base[[#Headers],[Qté MO PROD]]=Tableau3[TYPE Autre])*(Tableau3[[31/01/2015]:[31/12/2015]]/1000)) -> 0 | X10: =SUMPRODUCT((Base[[#This Row],[Produit]]=Tableau3[PRODUIT])*(Base[[#This Row],[Date]]=Tableau3[[#Headers],[31/01/2015]:[31/12/2015]])*(Base[[#This Row],[Statut]]=Tableau3[STATUT PROJET])*(Base[[#Headers],[Qté MO SRS]]=Tableau3[TYPE Autre])*(Tableau3[[31/01/2015]:[31/12/2015]]/1000)) -> 0 | Y10: =SUM(Base[[#This Row],[Qté MO ESC]:[Qté MO SRS]]) -> 0 | Z10: =EOMONTH(BaseActivité!$G10,0) -> 42124
A11: GTIES | B11: Prév | G11: 42155 | J11: =IF(YEAR(Base[[#This Row],[Date]])=2015,ROUNDDOWN((MONTH(Base[[#This Row],[Date]])-1)/3,0)+1,"") -> 2 | K11: =SUMPRODUCT((Base[[#This Row],[Produit]]=Tableau3[PRODUIT])*(Base[[#This Row],[Date]]=Tableau3[[#Headers],[31/01/2015]:[31/12/2015]])*(Base[[#This Row],[Statut]]=Tableau3[STATUT PROJET])*(Base[[#Headers],[Tot VTE]]=Tableau3[TYPE Autre])*(Tableau3[[31/01/2015]:[31/12/2015]]/1000)) -> 0 | L11: =SUMPRODUCT((Base[[#This Row],[Produit]]=Tableau3[PRODUIT])*(Base[[#This Row],[Date]]=Tableau3[[#Headers],[31/01/2015]:[31/12/2015]])*(Base[[#This Row],[Statut]]=Tableau3[STATUT PROJET])*(Base[[#Headers],[€TEC FERRRO-R&D]]=Tableau3[TYPE Autre])*(Tableau3[[31/01/2015]:[31/12/2015]]/1000)) -> 0 | M11: =SUMPRODUCT((Base[[#This Row],[Produit]]=Tableau3[PRODUIT])*(Base[[#This Row],[Date]]=Tableau3[[#Headers],[31/01/2015]:[31/12/2015]])*(Base[[#This Row],[Statut]]=Tableau3[STATUT PROJET])*(Base[[#Headers],[€ACH ProdPVI]]=Tableau3[TYPE Autre])*(Tableau3[[31/01/2015]:[31/12/2015]]/1000)) -> 0 | N11: =SUMPRODUCT((Base[[#This Row],[Produit]]=Tableau3[PRODUIT])*(Base[[#This Row],[Date]]=Tableau3[[#Headers],[31/01/2015]:[31/12/2015]])*(Base[[#This Row],[Statut]]=Tableau3[STATUT PROJET])*(Base[[#Headers],[€ACH BBX]]=Tableau3[TYPE Autre])*(Tableau3[[31/01/2015]:[31/12/2015]]/1000)) -> 0 | O11: =SUMPRODUCT((Base[[#This Row],[Produit]]=Tableau3[PRODUIT])*(Base[[#This Row],[Date]]=Tableau3[[#Headers],[31/01/2015]:[31/12/2015]])*(Base[[#This Row],[Statut]]=Tableau3[STATUT PROJET])*(Base[[#Headers],[€ACH Chassis]]=Tableau3[TYPE Autre])*(Tableau3[[31/01/2015]:[31/12/2015]]/1000)) -> 0 | P11: =SUMPRODUCT((Base[[#This Row],[Produit]]=Tableau3[PRODUIT])*(Base[[#This Row],[Date]]=Tableau3[[#Headers],[31/01/2015]:[31/12/2015]])*(Base[[#This Row],[Statut]]=Tableau3[STATUT PROJET])*(Base[[#Headers],[€ACH Carross]]=Tableau3[TYPE Autre])*(Tableau3[[31/01/2015]:[31/12/2015]]/1000)) -> 0 | Q11: =SUMPRODUCT((Base[[#This Row],[Produit]]=Tableau3[PRODUIT])*(Base[[#This Row],[Date]]=Tableau3[[#Headers],[31/01/2015]:[31/12/2015]])*(Base[[#This Row],[Statut]]=Tableau3[STATUT PROJET])*(Base[[#Headers],[€ACH Sces+div]]=Tableau3[TYPE Autre])*(Tableau3[[31/01/2015]:[31/12/2015]]/1000)) -> 0 | R11: =SUMPRODUCT((Base[[#This Row],[Produit]]=Tableau3[PRODUIT])*(Base[[#This Row],[Date]]=Tableau3[[#Headers],[31/01/2015]:[31/12/2015]])*(Base[[#This Row],[Statut]]=Tableau3[STATUT PROJET])*(Base[[#Headers],[Qté MO ESC]]=Tableau3[TYPE Autre])*(Tableau3[[31/01/2015]:[31/12/2015]]/1000)) -> 0 | S11: =SUMPRODUCT((Base[[#This Row],[Produit]]=Tableau3[PRODUIT])*(Base[[#This Row],[Date]]=Tableau3[[#Headers],[31/01/2015]:[31/12/2015]])*(Base[[#This Row],[Statut]]=Tableau3[STATUT PROJET])*(Base[[#Headers],[Qté MO BE]]=Tableau3[TYPE Autre])*(Tableau3[[31/01/2015]:[31/12/2015]]/1000)) -> 0 | T11: =SUMPRODUCT((Base[[#This Row],[Produit]]=Tableau3[PRODUIT])*(Base[[#This Row],[Date]]=Tableau3[[#Headers],[31/01/2015]:[31/12/2015]])*(Base[[#This Row],[Statut]]=Tableau3[STATUT PROJET])*(Base[[#Headers],[Qté MO GTIE]]=Tableau3[TYPE Autre])*(Tableau3[[31/01/2015]:[31/12/2015]]/1000)) -> 0 | U11: =SUMPRODUCT((Base[[#This Row],[Produit]]=Tableau3[PRODUIT])*(Base[[#This Row],[Date]]=Tableau3[[#Headers],[31/01/2015]:[31/12/2015]])*(Base[[#This Row],[Statut]]=Tableau3[STATUT PROJET])*(Base[[#Headers],[Qté MO MNT]]=Tableau3[TYPE Autre])*(Tableau3[[31/01/2015]:[31/12/2015]]/1000)) -> 0 | V11: =SUMPRODUCT((Base[[#This Row],[Produit]]=Tableau3[PRODUIT])*(Base[[#This Row],[Date]]=Tableau3[[#Headers],[31/01/2015]:[31/12/2015]])*(Base[[#This Row],[Statut]]=Tableau3[STATUT PROJET])*(Base[[#Headers],[Qté MO PR]]=Tableau3[TYPE Autre])*(Tableau3[[31/01/2015]:[31/12/2015]]/1000)) -> 0 | W11: =SUMPRODUCT((Base[[#This Row],[Produit]]=Tableau3[PRODUIT])*(Base[[#This Row],[Date]]=Tableau3[[#Headers],[31/01/2015]:[31/12/2015]])*(Base[[#This Row],[Statut]]=Tableau3[STATUT PROJET])*(Base[[#Headers],[Qté MO PROD]]=Tableau3[TYPE Autre])*(Tableau3[[31/01/2015]:[31/12/2015]]/1000)) -> 0 | X11: =SUMPRODUCT((Base[[#This Row],[Produit]]=Tableau3[PRODUIT])*(Base[[#This Row],[Date]]=Tableau3[[#Headers],[31/01/2015]:[31/12/2015]])*(Base[[#This Row],[Statut]]=Tableau3[STATUT PROJET])*(Base[[#Headers],[Qté MO SRS]]=Tableau3[TYPE Autre])*(Tableau3[[31/01/2015]:[31/12/2015]]/1000)) -> 0 | Y11: =SUM(Base[[#This Row],[Qté MO ESC]:[Qté MO SRS]]) -> 0 | Z11: =EOMONTH(BaseActivité!$G11,0) -> 42155
A12: GTIES | B12: Prév | G12: 42185 | J12: =IF(YEAR(Base[[#This Row],[Date]])=2015,ROUNDDOWN((MONTH(Base[[#This Row],[Date]])-1)/3,0)+1,"") -> 2 | K12: =SUMPRODUCT((Base[[#This Row],[Produit]]=Tableau3[PRODUIT])*(Base[[#This Row],[Date]]=Tableau3[[#Headers],[31/01/2015]:[31/12/2015]])*(Base[[#This Row],[Statut]]=Tableau3[STATUT PROJET])*(Base[[#Headers],[Tot VTE]]=Tableau3[TYPE Autre])*(Tableau3[[31/01/2015]:[31/12/2015]]/1000)) -> 0 | L12: =SUMPRODUCT((Base[[#This Row],[Produit]]=Tableau3[PRODUIT])*(Base[[#This Row],[Date]]=Tableau3[[#Headers],[31/01/2015]:[31/12/2015]])*(Base[[#This Row],[Statut]]=Tableau3[STATUT PROJET])*(Base[[#Headers],[€TEC FERRRO-R&D]]=Tableau3[TYPE Autre])*(Tableau3[[31/01/2015]:[31/12/2015]]/1000)) -> 0 | M12: =SUMPRODUCT((Base[[#This Row],[Produit]]=Tableau3[PRODUIT])*(Base[[#This Row],[Date]]=Tableau3[[#Headers],[31/01/2015]:[31/12/2015]])*(Base[[#This Row],[Statut]]=Tableau3[STATUT PROJET])*(Base[[#Headers],[€ACH ProdPVI]]=Tableau3[TYPE Autre])*(Tableau3[[31/01/2015]:[31/12/2015]]/1000)) -> 0 | N12: =SUMPRODUCT((Base[[#This Row],[Produit]]=Tableau3[PRODUIT])*(Base[[#This Row],[Date]]=Tableau3[[#Headers],[31/01/2015]:[31/12/2015]])*(Base[[#This Row],[Statut]]=Tableau3[STATUT PROJET])*(Base[[#Headers],[€ACH BBX]]=Tableau3[TYPE Autre])*(Tableau3[[31/01/2015]:[31/12/2015]]/1000)) -> 0 | O12: =SUMPRODUCT((Base[[#This Row],[Produit]]=Tableau3[PRODUIT])*(Base[[#This Row],[Date]]=Tableau3[[#Headers],[31/01/2015]:[31/12/2015]])*(Base[[#This Row],[Statut]]=Tableau3[STATUT PROJET])*(Base[[#Headers],[€ACH Chassis]]=Tableau3[TYPE Autre])*(Tableau3[[31/01/2015]:[31/12/2015]]/1000)) -> 0 | P12: =SUMPRODUCT((Base[[#This Row],[Produit]]=Tableau3[PRODUIT])*(Base[[#This Row],[Date]]=Tableau3[[#Headers],[31/01/2015]:[31/12/2015]])*(Base[[#This Row],[Statut]]=Tableau3[STATUT PROJET])*(Base[[#Headers],[€ACH Carross]]=Tableau3[TYPE Autre])*(Tableau3[[31/01/2015]:[31/12/2015]]/1000)) -> 0 | Q12: =SUMPRODUCT((Base[[#This Row],[Produit]]=Tableau3[PRODUIT])*(Base[[#This Row],[Date]]=Tableau3[[#Headers],[31/01/2015]:[31/12/2015]])*(Base[[#This Row],[Statut]]=Tableau3[STATUT PROJET])*(Base[[#Headers],[€ACH Sces+div]]=Tableau3[TYPE Autre])*(Tableau3[[31/01/2015]:[31/12/2015]]/1000)) -> 0 | R12: =SUMPRODUCT((Base[[#This Row],[Produit]]=Tableau3[PRODUIT])*(Base[[#This Row],[Date]]=Tableau3[[#Headers],[31/01/2015]:[31/12/2015]])*(Base[[#This Row],[Statut]]=Tableau3[STATUT PROJET])*(Base[[#Headers],[Qté MO ESC]]=Tableau3[TYPE Autre])*(Tableau3[[31/01/2015]:[31/12/2015]]/1000)) -> 0 | S12: =SUMPRODUCT((Base[[#This Row],[Produit]]=Tableau3[PRODUIT])*(Base[[#This Row],[Date]]=Tableau3[[#Headers],[31/01/2015]:[31/12/2015]])*(Base[[#This Row],[Statut]]=Tableau3[STATUT PROJET])*(Base[[#Headers],[Qté MO BE]]=Tableau3[TYPE Autre])*(Tableau3[[31/01/2015]:[31/12/2015]]/1000)) -> 0 | T12: =SUMPRODUCT((Base[[#This Row],[Produit]]=Tableau3[PRODUIT])*(Base[[#This Row],[Date]]=Tableau3[[#Headers],[31/01/2015]:[31/12/2015]])*(Base[[#This Row],[Statut]]=Tableau3[STATUT PROJET])*(Base[[#Headers],[Qté MO GTIE]]=Tableau3[TYPE Autre])*(Tableau3[[31/01/2015]:[31/12/2015]]/1000)) -> 0 | U12: =SUMPRODUCT((Base[[#This Row],[Produit]]=Tableau3[PRODUIT])*(Base[[#This Row],[Date]]=Tableau3[[#Headers],[31/01/2015]:[31/12/2015]])*(Base[[#This Row],[Statut]]=Tableau3[STATUT PROJET])*(Base[[#Headers],[Qté MO MNT]]=Tableau3[TYPE Autre])*(Tableau3[[31/01/2015]:[31/12/2015]]/1000)) -> 0 | V12: =SUMPRODUCT((Base[[#This Row],[Produit]]=Tableau3[PRODUIT])*(Base[[#This Row],[Date]]=Tableau3[[#Headers],[31/01/2015]:[31/12/2015]])*(Base[[#This Row],[Statut]]=Tableau3[STATUT PROJET])*(Base[[#Headers],[Qté MO PR]]=Tableau3[TYPE Autre])*(Tableau3[[31/01/2015]:[31/12/2015]]/1000)) -> 0 | W12: =SUMPRODUCT((Base[[#This Row],[Produit]]=Tableau3[PRODUIT])*(Base[[#This Row],[Date]]=Tableau3[[#Headers],[31/01/2015]:[31/12/2015]])*(Base[[#This Row],[Statut]]=Tableau3[STATUT PROJET])*(Base[[#Headers],[Qté MO PROD]]=Tableau3[TYPE Autre])*(Tableau3[[31/01/2015]:[31/12/2015]]/1000)) -> 0 | X12: =SUMPRODUCT((Base[[#This Row],[Produit]]=Tableau3[PRODUIT])*(Base[[#This Row],[Date]]=Tableau3[[#Headers],[31/01/2015]:[31/12/2015]])*(Base[[#This Row],[Statut]]=Tableau3[STATUT PROJET])*(Base[[#Headers],[Qté MO SRS]]=Tableau3[TYPE Autre])*(Tableau3[[31/01/2015]:[31/12/2015]]/1000)) -> 0 | Y12: =SUM(Base[[#This Row],[Qté MO ESC]:[Qté MO SRS]]) -> 0 | Z12: =EOMONTH(BaseActivité!$G12,0) -> 42185
A13: GTIES | B13: Prév | G13: 42216 | J13: =IF(YEAR(Base[[#This Row],[Date]])=2015,ROUNDDOWN((MONTH(Base[[#This Row],[Date]])-1)/3,0)+1,"") -> 3 | K13: =SUMPRODUCT((Base[[#This Row],[Produit]]=Tableau3[PRODUIT])*(Base[[#This Row],[Date]]=Tableau3[[#Headers],[31/01/2015]:[31/12/2015]])*(Base[[#This Row],[Statut]]=Tableau3[STATUT PROJET])*(Base[[#Headers],[Tot VTE]]=Tableau3[TYPE Autre])*(Tableau3[[31/01/2015]:[31/12/2015]]/1000)) -> 0 | L13: =SUMPRODUCT((Base[[#This Row],[Produit]]=Tableau3[PRODUIT])*(Base[[#This Row],[Date]]=Tableau3[[#Headers],[31/01/2015]:[31/12/2015]])*(Base[[#This Row],[Statut]]=Tableau3[STATUT PROJET])*(Base[[#Headers],[€TEC FERRRO-R&D]]=Tableau3[TYPE Autre])*(Tableau3[[31/01/2015]:[31/12/2015]]/1000)) -> 0 | M13: =SUMPRODUCT((Base[[#This Row],[Produit]]=Tableau3[PRODUIT])*(Base[[#This Row],[Date]]=Tableau3[[#Headers],[31/01/2015]:[31/12/2015]])*(Base[[#This Row],[Statut]]=Tableau3[STATUT PROJET])*(Base[[#Headers],[€ACH ProdPVI]]=Tableau3[TYPE Autre])*(Tableau3[[31/01/2015]:[31/12/2015]]/1000)) -> 0 | N13: =SUMPRODUCT((Base[[#This Row],[Produit]]=Tableau3[PRODUIT])*(Base[[#This Row],[Date]]=Tableau3[[#Headers],[31/01/2015]:[31/12/2015]])*(Base[[#This Row],[Statut]]=Tableau3[STATUT PROJET])*(Base[[#Headers],[€ACH BBX]]=Tableau3[TYPE Autre])*(Tableau3[[31/01/2015]:[31/12/2015]]/1000)) -> 0 | O13: =SUMPRODUCT((Base[[#This Row],[Produit]]=Tableau3[PRODUIT])*(Base[[#This Row],[Date]]=Tableau3[[#Headers],[31/01/2015]:[31/12/2015]])*(Base[[#This Row],[Statut]]=Tableau3[STATUT PROJET])*(Base[[#Headers],[€ACH Chassis]]=Tableau3[TYPE Autre])*(Tableau3[[31/01/2015]:[31/12/2015]]/1000)) -> 0 | P13: =SUMPRODUCT((Base[[#This Row],[Produit]]=Tableau3[PRODUIT])*(Base[[#This Row],[Date]]=Tableau3[[#Headers],[31/01/2015]:[31/12/2015]])*(Base[[#This Row],[Statut]]=Tableau3[STATUT PROJET])*(Base[[#Headers],[€ACH Carross]]=Tableau3[TYPE Autre])*(Tableau3[[31/01/2015]:[31/12/2015]]/1000)) -> 0 | Q13: =SUMPRODUCT((Base[[#This Row],[Produit]]=Tableau3[PRODUIT])*(Base[[#This Row],[Date]]=Tableau3[[#Headers],[31/01/2015]:[31/12/2015]])*(Base[[#This Row],[Statut]]=Tableau3[STATUT PROJET])*(Base[[#Headers],[€ACH Sces+div]]=Tableau3[TYPE Autre])*(Tableau3[[31/01/2015]:[31/12/2015]]/1000)) -> 0 | R13: =SUMPRODUCT((Base[[#This Row],[Produit]]=Tableau3[PRODUIT])*(Base[[#This Row],[Date]]=Tableau3[[#Headers],[31/01/2015]:[31/12/2015]])*(Base[[#This Row],[Statut]]=Tableau3[STATUT PROJET])*(Base[[#Headers],[Qté MO ESC]]=Tableau3[TYPE Autre])*(Tableau3[[31/01/2015]:[31/12/2015]]/1000)) -> 0 | S13: =SUMPRODUCT((Base[[#This Row],[Produit]]=Tableau3[PRODUIT])*(Base[[#This Row],[Date]]=Tableau3[[#Headers],[31/01/2015]:[31/12/2015]])*(Base[[#This Row],[Statut]]=Tableau3[STATUT PROJET])*(Base[[#Headers],[Qté MO BE]]=Tableau3[TYPE Autre])*(Tableau3[[31/01/2015]:[31/12/2015]]/1000)) -> 0 | T13: =SUMPRODUCT((Base[[#This Row],[Produit]]=Tableau3[PRODUIT])*(Base[[#This Row],[Date]]=Tableau3[[#Headers],[31/01/2015]:[31/12/2015]])*(Base[[#This Row],[Statut]]=Tableau3[STATUT PROJET])*(Base[[#Headers],[Qté MO GTIE]]=Tableau3[TYPE Autre])*(Tableau3[[31/01/2015]:[31/12/2015]]/1000)) -> 0 | U13: =SUMPRODUCT((Base[[#This Row],[Produit]]=Tableau3[PRODUIT])*(Base[[#This Row],[Date]]=Tableau3[[#Headers],[31/01/2015]:[31/12/2015]])*(Base[[#This Row],[Statut]]=Tableau3[STATUT PROJET])*(Base[[#Headers],[Qté MO MNT]]=Tableau3[TYPE Autre])*(Tableau3[[31/01/2015]:[31/12/2015]]/1000)) -> 0 | V13: =SUMPRODUCT((Base[[#This Row],[Produit]]=Tableau3[PRODUIT])*(Base[[#This Row],[Date]]=Tableau3[[#Headers],[31/01/2015]:[31/12/2015]])*(Base[[#This Row],[Statut]]=Tableau3[STATUT PROJET])*(Base[[#Headers],[Qté MO PR]]=Tableau3[TYPE Autre])*(Tableau3[[31/01/2015]:[31/12/2015]]/1000)) -> 0 | W13: =SUMPRODUCT((Base[[#This Row],[Produit]]=Tableau3[PRODUIT])*(Base[[#This Row],[Date]]=Tableau3[[#Headers],[31/01/2015]:[31/12/2015]])*(Base[[#This Row],[Statut]]=Tableau3[STATUT PROJET])*(Base[[#Headers],[Qté MO PROD]]=Tableau3[TYPE Autre])*(Tableau3[[31/01/2015]:[31/12/2015]]/1000)) -> 0 | X13: =SUMPRODUCT((Base[[#This Row],[Produit]]=Tableau3[PRODUIT])*(Base[[#This Row],[Date]]=Tableau3[[#Headers],[31/01/2015]:[31/12/2015]])*(Base[[#This Row],[Statut]]=Tableau3[STATUT PROJET])*(Base[[#Headers],[Qté MO SRS]]=Tableau3[TYPE Autre])*(Tableau3[[31/01/2015]:[31/12/2015]]/1000)) -> 0 | Y13: =SUM(Base[[#This Row],[Qté MO ESC]:[Qté MO SRS]]) -> 0 | Z13: =EOMONTH(BaseActivité!$G13,0) -> 42216
A14: GTIES | B14: Prév | G14: 42247 | J14: =IF(YEAR(Base[[#This Row],[Date]])=2015,ROUNDDOWN((MONTH(Base[[#This Row],[Date]])-1)/3,0)+1,"") -> 3 | K14: =SUMPRODUCT((Base[[#This Row],[Produit]]=Tableau3[PRODUIT])*(Base[[#This Row],[Date]]=Tableau3[[#Headers],[31/01/2015]:[31/12/2015]])*(Base[[#This Row],[Statut]]=Tableau3[STATUT PROJET])*(Base[[#Headers],[Tot VTE]]=Tableau3[TYPE Autre])*(Tableau3[[31/01/2015]:[31/12/2015]]/1000)) -> 0 | L14: =SUMPRODUCT((Base[[#This Row],[Produit]]=Tableau3[PRODUIT])*(Base[[#This Row],[Date]]=Tableau3[[#Headers],[31/01/2015]:[31/12/2015]])*(Base[[#This Row],[Statut]]=Tableau3[STATUT PROJET])*(Base[[#Headers],[€TEC FERRRO-R&D]]=Tableau3[TYPE Autre])*(Tableau3[[31/01/2015]:[31/12/2015]]/1000)) -> 0 | M14: =SUMPRODUCT((Base[[#This Row],[Produit]]=Tableau3[PRODUIT])*(Base[[#This Row],[Date]]=Tableau3[[#Headers],[31/01/2015]:[31/12/2015]])*(Base[[#This Row],[Statut]]=Tableau3[STATUT PROJET])*(Base[[#Headers],[€ACH ProdPVI]]=Tableau3[TYPE Autre])*(Tableau3[[31/01/2015]:[31/12/2015]]/1000)) -> 0 | N14: =SUMPRODUCT((Base[[#This Row],[Produit]]=Tableau3[PRODUIT])*(Base[[#This Row],[Date]]=Tableau3[[#Headers],[31/01/2015]:[31/12/2015]])*(Base[[#This Row],[Statut]]=Tableau3[STATUT PROJET])*(Base[[#Headers],[€ACH BBX]]=Tableau3[TYPE Autre])*(Tableau3[[31/01/2015]:[31/12/2015]]/1000)) -> 0 | O14: =SUMPRODUCT((Base[[#This Row],[Produit]]=Tableau3[PRODUIT])*(Base[[#This Row],[Date]]=Tableau3[[#Headers],[31/01/2015]:[31/12/2015]])*(Base[[#This Row],[Statut]]=Tableau3[STATUT PROJET])*(Base[[#Headers],[€ACH Chassis]]=Tableau3[TYPE Autre])*(Tableau3[[31/01/2015]:[31/12/2015]]/1000)) -> 0 | P14: =SUMPRODUCT((Base[[#This Row],[Produit]]=Tableau3[PRODUIT])*(Base[[#This Row],[Date]]=Tableau3[[#Headers],[31/01/2015]:[31/12/2015]])*(Base[[#This Row],[Statut]]=Tableau3[STATUT PROJET])*(Base[[#Headers],[€ACH Carross]]=Tableau3[TYPE Autre])*(Tableau3[[31/01/2015]:[31/12/2015]]/1000)) -> 0 | Q14: =SUMPRODUCT((Base[[#This Row],[Produit]]=Tableau3[PRODUIT])*(Base[[#This Row],[Date]]=Tableau3[[#Headers],[31/01/2015]:[31/12/2015]])*(Base[[#This Row],[Statut]]=Tableau3[STATUT PROJET])*(Base[[#Headers],[€ACH Sces+div]]=Tableau3[TYPE Autre])*(Tableau3[[31/01/2015]:[31/12/2015]]/1000)) -> 0 | R14: =SUMPRODUCT((Base[[#This Row],[Produit]]=Tableau3[PRODUIT])*(Base[[#This Row],[Date]]=Tableau3[[#Headers],[31/01/2015]:[31/12/2015]])*(Base[[#This Row],[Statut]]=Tableau3[STATUT PROJET])*(Base[[#Headers],[Qté MO ESC]]=Tableau3[TYPE Autre])*(Tableau3[[31/01/2015]:[31/12/2015]]/1000)) -> 0 | S14: =SUMPRODUCT((Base[[#This Row],[Produit]]=Tableau3[PRODUIT])*(Base[[#This Row],[Date]]=Tableau3[[#Headers],[31/01/2015]:[31/12/2015]])*(Base[[#This Row],[Statut]]=Tableau3[STATUT PROJET])*(Base[[#Headers],[Qté MO BE]]=Tableau3[TYPE Autre])*(Tableau3[[31/01/2015]:[31/12/2015]]/1000)) -> 0 | T14: =SUMPRODUCT((Base[[#This Row],[Produit]]=Tableau3[PRODUIT])*(Base[[#This Row],[Date]]=Tableau3[[#Headers],[31/01/2015]:[31/12/2015]])*(Base[[#This Row],[Statut]]=Tableau3[STATUT PROJET])*(Base[[#Headers],[Qté MO GTIE]]=Tableau3[TYPE Autre])*(Tableau3[[31/01/2015]:[31/12/2015]]/1000)) -> 0 | U14: =SUMPRODUCT((Base[[#This Row],[Produit]]=Tableau3[PRODUIT])*(Base[[#This Row],[Date]]=Tableau3[[#Headers],[31/01/2015]:[31/12/2015]])*(Base[[#This Row],[Statut]]=Tableau3[STATUT PROJET])*(Base[[#Headers],[Qté MO MNT]]=Tableau3[TYPE Autre])*(Tableau3[[31/01/2015]:[31/12/2015]]/1000)) -> 0 | V14: =SUMPRODUCT((Base[[#This Row],[Produit]]=Tableau3[PRODUIT])*(Base[[#This Row],[Date]]=Tableau3[[#Headers],[31/01/2015]:[31/12/2015]])*(Base[[#This Row],[Statut]]=Tableau3[STATUT PROJET])*(Base[[#Headers],[Qté MO PR]]=Tableau3[TYPE Autre])*(Tableau3[[31/01/2015]:[31/12/2015]]/1000)) -> 0 | W14: =SUMPRODUCT((Base[[#This Row],[Produit]]=Tableau3[PRODUIT])*(Base[[#This Row],[Date]]=Tableau3[[#Headers],[31/01/2015]:[31/12/2015]])*(Base[[#This Row],[Statut]]=Tableau3[STATUT PROJET])*(Base[[#Headers],[Qté MO PROD]]=Tableau3[TYPE Autre])*(Tableau3[[31/01/2015]:[31/12/2015]]/1000)) -> 0 | X14: =SUMPRODUCT((Base[[#This Row],[Produit]]=Tableau3[PRODUIT])*(Base[[#This Row],[Date]]=Tableau3[[#Headers],[31/01/2015]:[31/12/2015]])*(Base[[#This Row],[Statut]]=Tableau3[STATUT PROJET])*(Base[[#Headers],[Qté MO SRS]]=Tableau3[TYPE Autre])*(Tableau3[[31/01/2015]:[31/12/2015]]/1000)) -> 0 | Y14: =SUM(Base[[#This Row],[Qté MO ESC]:[Qté MO SRS]]) -> 0 | Z14: =EOMONTH(BaseActivité!$G14,0) -> 42247
A15: GTIES | B15: Prév | G15: 42277 | J15: =IF(YEAR(Base[[#This Row],[Date]])=2015,ROUNDDOWN((MONTH(Base[[#This Row],[Date]])-1)/3,0)+1,"") -> 3 | K15: =SUMPRODUCT((Base[[#This Row],[Produit]]=Tableau3[PRODUIT])*(Base[[#This Row],[Date]]=Tableau3[[#Headers],[31/01/2015]:[31/12/2015]])*(Base[[#This Row],[Statut]]=Tableau3[STATUT PROJET])*(Base[[#Headers],[Tot VTE]]=Tableau3[TYPE Autre])*(Tableau3[[31/01/2015]:[31/12/2015]]/1000)) -> 0 | L15: =SUMPRODUCT((Base[[#This Row],[Produit]]=Tableau3[PRODUIT])*(Base[[#This Row],[Date]]=Tableau3[[#Headers],[31/01/2015]:[31/12/2015]])*(Base[[#This Row],[Statut]]=Tableau3[STATUT PROJET])*(Base[[#Headers],[€TEC FERRRO-R&D]]=Tableau3[TYPE Autre])*(Tableau3[[31/01/2015]:[31/12/2015]]/1000)) -> 0 | M15: =SUMPRODUCT((Base[[#This Row],[Produit]]=Tableau3[PRODUIT])*(Base[[#This Row],[Date]]=Tableau3[[#Headers],[31/01/2015]:[31/12/2015]])*(Base[[#This Row],[Statut]]=Tableau3[STATUT PROJET])*(Base[[#Headers],[€ACH ProdPVI]]=Tableau3[TYPE Autre])*(Tableau3[[31/01/2015]:[31/12/2015]]/1000)) -> 0 | N15: =SUMPRODUCT((Base[[#This Row],[Produit]]=Tableau3[PRODUIT])*(Base[[#This Row],[Date]]=Tableau3[[#Headers],[31/01/2015]:[31/12/2015]])*(Base[[#This Row],[Statut]]=Tableau3[STATUT PROJET])*(Base[[#Headers],[€ACH BBX]]=Tableau3[TYPE Autre])*(Tableau3[[31/01/2015]:[31/12/2015]]/1000)) -> 0 | O15: =SUMPRODUCT((Base[[#This Row],[Produit]]=Tableau3[PRODUIT])*(Base[[#This Row],[Date]]=Tableau3[[#Headers],[31/01/2015]:[31/12/2015]])*(Base[[#This Row],[Statut]]=Tableau3[STATUT PROJET])*(Base[[#Headers],[€ACH Chassis]]=Tableau3[TYPE Autre])*(Tableau3[[31/01/2015]:[31/12/2015]]/1000)) -> 0 | P15: =SUMPRODUCT((Base[[#This Row],[Produit]]=Tableau3[PRODUIT])*(Base[[#This Row],[Date]]=Tableau3[[#Headers],[31/01/2015]:[31/12/2015]])*(Base[[#This Row],[Statut]]=Tableau3[STATUT PROJET])*(Base[[#Headers],[€ACH Carross]]=Tableau3[TYPE Autre])*(Tableau3[[31/01/2015]:[31/12/2015]]/1000)) -> 0 | Q15: =SUMPRODUCT((Base[[#This Row],[Produit]]=Tableau3[PRODUIT])*(Base[[#This Row],[Date]]=Tableau3[[#Headers],[31/01/2015]:[31/12/2015]])*(Base[[#This Row],[Statut]]=Tableau3[STATUT PROJET])*(Base[[#Headers],[€ACH Sces+div]]=Tableau3[TYPE Autre])*(Tableau3[[31/01/2015]:[31/12/2015]]/1000)) -> 0 | R15: =SUMPRODUCT((Base[[#This Row],[Produit]]=Tableau3[PRODUIT])*(Base[[#This Row],[Date]]=Tableau3[[#Headers],[31/01/2015]:[31/12/2015]])*(Base[[#This Row],[Statut]]=Tableau3[STATUT PROJET])*(Base[[#Headers],[Qté MO ESC]]=Tableau3[TYPE Autre])*(Tableau3[[31/01/2015]:[31/12/2015]]/1000)) -> 0 | S15: =SUMPRODUCT((Base[[#This Row],[Produit]]=Tableau3[PRODUIT])*(Base[[#This Row],[Date]]=Tableau3[[#Headers],[31/01/2015]:[31/12/2015]])*(Base[[#This Row],[Statut]]=Tableau3[STATUT PROJET])*(Base[[#Headers],[Qté MO BE]]=Tableau3[TYPE Autre])*(Tableau3[[31/01/2015]:[31/12/2015]]/1000)) -> 0 | T15: =SUMPRODUCT((Base[[#This Row],[Produit]]=Tableau3[PRODUIT])*(Base[[#This Row],[Date]]=Tableau3[[#Headers],[31/01/2015]:[31/12/2015]])*(Base[[#This Row],[Statut]]=Tableau3[STATUT PROJET])*(Base[[#Headers],[Qté MO GTIE]]=Tableau3[TYPE Autre])*(Tableau3[[31/01/2015]:[31/12/2015]]/1000)) -> 0 | U15: =SUMPRODUCT((Base[[#This Row],[Produit]]=Tableau3[PRODUIT])*(Base[[#This Row],[Date]]=Tableau3[[#Headers],[31/01/2015]:[31/12/2015]])*(Base[[#This Row],[Statut]]=Tableau3[STATUT PROJET])*(Base[[#Headers],[Qté MO MNT]]=Tableau3[TYPE Autre])*(Tableau3[[31/01/2015]:[31/12/2015]]/1000)) -> 0 | V15: =SUMPRODUCT((Base[[#This Row],[Produit]]=Tableau3[PRODUIT])*(Base[[#This Row],[Date]]=Tableau3[[#Headers],[31/01/2015]:[31/12/2015]])*(Base[[#This Row],[Statut]]=Tableau3[STATUT PROJET])*(Base[[#Headers],[Qté MO PR]]=Tableau3[TYPE Autre])*(Tableau3[[31/01/2015]:[31/12/2015]]/1000)) -> 0 | W15: =SUMPRODUCT((Base[[#This Row],[Produit]]=Tableau3[PRODUIT])*(Base[[#This Row],[Date]]=Tableau3[[#Headers],[31/01/2015]:[31/12/2015]])*(Base[[#This Row],[Statut]]=Tableau3[STATUT PROJET])*(Base[[#Headers],[Qté MO PROD]]=Tableau3[TYPE Autre])*(Tableau3[[31/01/2015]:[31/12/2015]]/1000)) -> 0 | X15: =SUMPRODUCT((Base[[#This Row],[Produit]]=Tableau3[PRODUIT])*(Base[[#This Row],[Date]]=Tableau3[[#Headers],[31/01/2015]:[31/12/2015]])*(Base[[#This Row],[Statut]]=Tableau3[STATUT PROJET])*(Base[[#Headers],[Qté MO SRS]]=Tableau3[TYPE Autre])*(Tableau3[[31/01/2015]:[31/12/2015]]/1000)) -> 0 | Y15: =SUM(Base[[#This Row],[Qté MO ESC]:[Qté MO SRS]]) -> 0 | Z15: =EOMONTH(BaseActivité!$G15,0) -> 42277
A16: GTIES | B16: Prév | G16: 42308 | J16: =IF(YEAR(Base[[#This Row],[Date]])=2015,ROUNDDOWN((MONTH(Base[[#This Row],[Date]])-1)/3,0)+1,"") -> 4 | K16: =SUMPRODUCT((Base[[#This Row],[Produit]]=Tableau3[PRODUIT])*(Base[[#This Row],[Date]]=Tableau3[[#Headers],[31/01/2015]:[31/12/2015]])*(Base[[#This Row],[Statut]]=Tableau3[STATUT PROJET])*(Base[[#Headers],[Tot VTE]]=Tableau3[TYPE Autre])*(Tableau3[[31/01/2015]:[31/12/2015]]/1000)) -> 0 | L16: =SUMPRODUCT((Base[[#This Row],[Produit]]=Tableau3[PRODUIT])*(Base[[#This Row],[Date]]=Tableau3[[#Headers],[31/01/2015]:[31/12/2015]])*(Base[[#This Row],[Statut]]=Tableau3[STATUT PROJET])*(Base[[#Headers],[€TEC FERRRO-R&D]]=Tableau3[TYPE Autre])*(Tableau3[[31/01/2015]:[31/12/2015]]/1000)) -> 0 | M16: =SUMPRODUCT((Base[[#This Row],[Produit]]=Tableau3[PRODUIT])*(Base[[#This Row],[Date]]=Tableau3[[#Headers],[31/01/2015]:[31/12/2015]])*(Base[[#This Row],[Statut]]=Tableau3[STATUT PROJET])*(Base[[#Headers],[€ACH ProdPVI]]=Tableau3[TYPE Autre])*(Tableau3[[31/01/2015]:[31/12/2015]]/1000)) -> 0 | N16: =SUMPRODUCT((Base[[#This Row],[Produit]]=Tableau3[PRODUIT])*(Base[[#This Row],[Date]]=Tableau3[[#Headers],[31/01/2015]:[31/12/2015]])*(Base[[#This Row],[Statut]]=Tableau3[STATUT PROJET])*(Base[[#Headers],[€ACH BBX]]=Tableau3[TYPE Autre])*(Tableau3[[31/01/2015]:[31/12/2015]]/1000)) -> 0 | O16: =SUMPRODUCT((Base[[#This Row],[Produit]]=Tableau3[PRODUIT])*(Base[[#This Row],[Date]]=Tableau3[[#Headers],[31/01/2015]:[31/12/2015]])*(Base[[#This Row],[Statut]]=Tableau3[STATUT PROJET])*(Base[[#Headers],[€ACH Chassis]]=Tableau3[TYPE Autre])*(Tableau3[[31/01/2015]:[31/12/2015]]/1000)) -> 0 | P16: =SUMPRODUCT((Base[[#This Row],[Produit]]=Tableau3[PRODUIT])*(Base[[#This Row],[Date]]=Tableau3[[#Headers],[31/01/2015]:[31/12/2015]])*(Base[[#This Row],[Statut]]=Tableau3[STATUT PROJET])*(Base[[#Headers],[€ACH Carross]]=Tableau3[TYPE Autre])*(Tableau3[[31/01/2015]:[31/12/2015]]/1000)) -> 0 | Q16: =SUMPRODUCT((Base[[#This Row],[Produit]]=Tableau3[PRODUIT])*(Base[[#This Row],[Date]]=Tableau3[[#Headers],[31/01/2015]:[31/12/2015]])*(Base[[#This Row],[Statut]]=Tableau3[STATUT PROJET])*(Base[[#Headers],[€ACH Sces+div]]=Tableau3[TYPE Autre])*(Tableau3[[31/01/2015]:[31/12/2015]]/1000)) -> 0 | R16: =SUMPRODUCT((Base[[#This Row],[Produit]]=Tableau3[PRODUIT])*(Base[[#This Row],[Date]]=Tableau3[[#Headers],[31/01/2015]:[31/12/2015]])*(Base[[#This Row],[Statut]]=Tableau3[STATUT PROJET])*(Base[[#Headers],[Qté MO ESC]]=Tableau3[TYPE Autre])*(Tableau3[[31/01/2015]:[31/12/2015]]/1000)) -> 0 | S16: =SUMPRODUCT((Base[[#This Row],[Produit]]=Tableau3[PRODUIT])*(Base[[#This Row],[Date]]=Tableau3[[#Headers],[31/01/2015]:[31/12/2015]])*(Base[[#This Row],[Statut]]=Tableau3[STATUT PROJET])*(Base[[#Headers],[Qté MO BE]]=Tableau3[TYPE Autre])*(Tableau3[[31/01/2015]:[31/12/2015]]/1000)) -> 0 | T16: =SUMPRODUCT((Base[[#This Row],[Produit]]=Tableau3[PRODUIT])*(Base[[#This Row],[Date]]=Tableau3[[#Headers],[31/01/2015]:[31/12/2015]])*(Base[[#This Row],[Statut]]=Tableau3[STATUT PROJET])*(Base[[#Headers],[Qté MO GTIE]]=Tableau3[TYPE Autre])*(Tableau3[[31/01/2015]:[31/12/2015]]/1000)) -> 0 | U16: =SUMPRODUCT((Base[[#This Row],[Produit]]=Tableau3[PRODUIT])*(Base[[#This Row],[Date]]=Tableau3[[#Headers],[31/01/2015]:[31/12/2015]])*(Base[[#This Row],[Statut]]=Tableau3[STATUT PROJET])*(Base[[#Headers],[Qté MO MNT]]=Tableau3[TYPE Autre])*(Tableau3[[31/01/2015]:[31/12/2015]]/1000)) -> 0 | V16: =SUMPRODUCT((Base[[#This Row],[Produit]]=Tableau3[PRODUIT])*(Base[[#This Row],[Date]]=Tableau3[[#Headers],[31/01/2015]:[31/12/2015]])*(Base[[#This Row],[Statut]]=Tableau3[STATUT PROJET])*(Base[[#Headers],[Qté MO PR]]=Tableau3[TYPE Autre])*(Tableau3[[31/01/2015]:[31/12/2015]]/1000)) -> 0 | W16: =SUMPRODUCT((Base[[#This Row],[Produit]]=Tableau3[PRODUIT])*(Base[[#This Row],[Date]]=Tableau3[[#Headers],[31/01/2015]:[31/12/2015]])*(Base[[#This Row],[Statut]]=Tableau3[STATUT PROJET])*(Base[[#Headers],[Qté MO PROD]]=Tableau3[TYPE Autre])*(Tableau3[[31/01/2015]:[31/12/2015]]/1000)) -> 0 | X16: =SUMPRODUCT((Base[[#This Row],[Produit]]=Tableau3[PRODUIT])*(Base[[#This Row],[Date]]=Tableau3[[#Headers],[31/01/2015]:[31/12/2015]])*(Base[[#This Row],[Statut]]=Tableau3[STATUT PROJET])*(Base[[#Headers],[Qté MO SRS]]=Tableau3[TYPE Autre])*(Tableau3[[31/01/2015]:[31/12/2015]]/1000)) -> 0 | Y16: =SUM(Base[[#This Row],[Qté MO ESC]:[Qté MO SRS]]) -> 0 | Z16: =EOMONTH(BaseActivité!$G16,0) -> 42308
A17: GTIES | B17: Prév | G17: 42338 | J17: =IF(YEAR(Base[[#This Row],[Date]])=2015,ROUNDDOWN((MONTH(Base[[#This Row],[Date]])-1)/3,0)+1,"") -> 4 | K17: =SUMPRODUCT((Base[[#This Row],[Produit]]=Tableau3[PRODUIT])*(Base[[#This Row],[Date]]=Tableau3[[#Headers],[31/01/2015]:[31/12/2015]])*(Base[[#This Row],[Statut]]=Tableau3[STATUT PROJET])*(Base[[#Headers],[Tot VTE]]=Tableau3[TYPE Autre])*(Tableau3[[31/01/2015]:[31/12/2015]]/1000)) -> 0 | L17: =SUMPRODUCT((Base[[#This Row],[Produit]]=Tableau3[PRODUIT])*(Base[[#This Row],[Date]]=Tableau3[[#Headers],[31/01/2015]:[31/12/2015]])*(Base[[#This Row],[Statut]]=Tableau3[STATUT PROJET])*(Base[[#Headers],[€TEC FERRRO-R&D]]=Tableau3[TYPE Autre])*(Tableau3[[31/01/2015]:[31/12/2015]]/1000)) -> 0 | M17: =SUMPRODUCT((Base[[#This Row],[Produit]]=Tableau3[PRODUIT])*(Base[[#This Row],[Date]]=Tableau3[[#Headers],[31/01/2015]:[31/12/2015]])*(Base[[#This Row],[Statut]]=Tableau3[STATUT PROJET])*(Base[[#Headers],[€ACH ProdPVI]]=Tableau3[TYPE Autre])*(Tableau3[[31/01/2015]:[31/12/2015]]/1000)) -> 0 | N17: =SUMPRODUCT((Base[[#This Row],[Produit]]=Tableau3[PRODUIT])*(Base[[#This Row],[Date]]=Tableau3[[#Headers],[31/01/2015]:[31/12/2015]])*(Base[[#This Row],[Statut]]=Tableau3[STATUT PROJET])*(Base[[#Headers],[€ACH BBX]]=Tableau3[TYPE Autre])*(Tableau3[[31/01/2015]:[31/12/2015]]/1000)) -> 0 | O17: =SUMPRODUCT((Base[[#This Row],[Produit]]=Tableau3[PRODUIT])*(Base[[#This Row],[Date]]=Tableau3[[#Headers],[31/01/2015]:[31/12/2015]])*(Base[[#This Row],[Statut]]=Tableau3[STATUT PROJET])*(Base[[#Headers],[€ACH Chassis]]=Tableau3[TYPE Autre])*(Tableau3[[31/01/2015]:[31/12/2015]]/1000)) -> 0 | P17: =SUMPRODUCT((Base[[#This Row],[Produit]]=Tableau3[PRODUIT])*(Base[[#This Row],[Date]]=Tableau3[[#Headers],[31/01/2015]:[31/12/2015]])*(Base[[#This Row],[Statut]]=Tableau3[STATUT PROJET])*(Base[[#Headers],[€ACH Carross]]=Tableau3[TYPE Autre])*(Tableau3[[31/01/2015]:[31/12/2015]]/1000)) -> 0 | Q17: =SUMPRODUCT((Base[[#This Row],[Produit]]=Tableau3[PRODUIT])*(Base[[#This Row],[Date]]=Tableau3[[#Headers],[31/01/2015]:[31/12/2015]])*(Base[[#This Row],[Statut]]=Tableau3[STATUT PROJET])*(Base[[#Headers],[€ACH Sces+div]]=Tableau3[TYPE Autre])*(Tableau3[[31/01/2015]:[31/12/2015]]/1000)) -> 0 | R17: =SUMPRODUCT((Base[[#This Row],[Produit]]=Tableau3[PRODUIT])*(Base[[#This Row],[Date]]=Tableau3[[#Headers],[31/01/2015]:[31/12/2015]])*(Base[[#This Row],[Statut]]=Tableau3[STATUT PROJET])*(Base[[#Headers],[Qté MO ESC]]=Tableau3[TYPE Autre])*(Tableau3[[31/01/2015]:[31/12/2015]]/1000)) -> 0 | S17: =SUMPRODUCT((Base[[#This Row],[Produit]]=Tableau3[PRODUIT])*(Base[[#This Row],[Date]]=Tableau3[[#Headers],[31/01/2015]:[31/12/2015]])*(Base[[#This Row],[Statut]]=Tableau3[STATUT PROJET])*(Base[[#Headers],[Qté MO BE]]=Tableau3[TYPE Autre])*(Tableau3[[31/01/2015]:[31/12/2015]]/1000)) -> 0 | T17: =SUMPRODUCT((Base[[#This Row],[Produit]]=Tableau3[PRODUIT])*(Base[[#This Row],[Date]]=Tableau3[[#Headers],[31/01/2015]:[31/12/2015]])*(Base[[#This Row],[Statut]]=Tableau3[STATUT PROJET])*(Base[[#Headers],[Qté MO GTIE]]=Tableau3[TYPE Autre])*(Tableau3[[31/01/2015]:[31/12/2015]]/1000)) -> 0 | U17: =SUMPRODUCT((Base[[#This Row],[Produit]]=Tableau3[PRODUIT])*(Base[[#This Row],[Date]]=Tableau3[[#Headers],[31/01/2015]:[31/12/2015]])*(Base[[#This Row],[Statut]]=Tableau3[STATUT PROJET])*(Base[[#Headers],[Qté MO MNT]]=Tableau3[TYPE Autre])*(Tableau3[[31/01/2015]:[31/12/2015]]/1000)) -> 0 | V17: =SUMPRODUCT((Base[[#This Row],[Produit]]=Tableau3[PRODUIT])*(Base[[#This Row],[Date]]=Tableau3[[#Headers],[31/01/2015]:[31/12/2015]])*(Base[[#This Row],[Statut]]=Tableau3[STATUT PROJET])*(Base[[#Headers],[Qté MO PR]]=Tableau3[TYPE Autre])*(Tableau3[[31/01/2015]:[31/12/2015]]/1000)) -> 0 | W17: =SUMPRODUCT((Base[[#This Row],[Produit]]=Tableau3[PRODUIT])*(Base[[#This Row],[Date]]=Tableau3[[#Headers],[31/01/2015]:[31/12/2015]])*(Base[[#This Row],[Statut]]=Tableau3[STATUT PROJET])*(Base[[#Headers],[Qté MO PROD]]=Tableau3[TYPE Autre])*(Tableau3[[31/01/2015]:[31/12/2015]]/1000)) -> 0 | X17: =SUMPRODUCT((Base[[#This Row],[Produit]]=Tableau3[PRODUIT])*(Base[[#This Row],[Date]]=Tableau3[[#Headers],[31/01/2015]:[31/12/2015]])*(Base[[#This Row],[Statut]]=Tableau3[STATUT PROJET])*(Base[[#Headers],[Qté MO SRS]]=Tableau3[TYPE Autre])*(Tableau3[[31/01/2015]:[31/12/2015]]/1000)) -> 0 | Y17: =SUM(Base[[#This Row],[Qté MO ESC]:[Qté MO SRS]]) -> 0 | Z17: =EOMONTH(BaseActivité!$G17,0) -> 42338
A18: GTIES | B18: Prév | G18: 42369 | J18: =IF(YEAR(Base[[#This Row],[Date]])=2015,ROUNDDOWN((MONTH(Base[[#This Row],[Date]])-1)/3,0)+1,"") -> 4 | K18: =SUMPRODUCT((Base[[#This Row],[Produit]]=Tableau3[PRODUIT])*(Base[[#This Row],[Date]]=Tableau3[[#Headers],[31/01/2015]:[31/12/2015]])*(Base[[#This Row],[Statut]]=Tableau3[STATUT PROJET])*(Base[[#Headers],[Tot VTE]]=Tableau3[TYPE Autre])*(Tableau3[[31/01/2015]:[31/12/2015]]/1000)) -> 0 | L18: =SUMPRODUCT((Base[[#This Row],[Produit]]=Tableau3[PRODUIT])*(Base[[#This Row],[Date]]=Tableau3[[#Headers],[31/01/2015]:[31/12/2015]])*(Base[[#This Row],[Statut]]=Tableau3[STATUT PROJET])*(Base[[#Headers],[€TEC FERRRO-R&D]]=Tableau3[TYPE Autre])*(Tableau3[[31/01/2015]:[31/12/2015]]/1000)) -> 0 | M18: =SUMPRODUCT((Base[[#This Row],[Produit]]=Tableau3[PRODUIT])*(Base[[#This Row],[Date]]=Tableau3[[#Headers],[31/01/2015]:[31/12/2015]])*(Base[[#This Row],[Statut]]=Tableau3[STATUT PROJET])*(Base[[#Headers],[€ACH ProdPVI]]=Tableau3[TYPE Autre])*(Tableau3[[31/01/2015]:[31/12/2015]]/1000)) -> 0 | N18: =SUMPRODUCT((Base[[#This Row],[Produit]]=Tableau3[PRODUIT])*(Base[[#This Row],[Date]]=Tableau3[[#Headers],[31/01/2015]:[31/12/2015]])*(Base[[#This Row],[Statut]]=Tableau3[STATUT PROJET])*(Base[[#Headers],[€ACH BBX]]=Tableau3[TYPE Autre])*(Tableau3[[31/01/2015]:[31/12/2015]]/1000)) -> 0 | O18: =SUMPRODUCT((Base[[#This Row],[Produit]]=Tableau3[PRODUIT])*(Base[[#This Row],[Date]]=Tableau3[[#Headers],[31/01/2015]:[31/12/2015]])*(Base[[#This Row],[Statut]]=Tableau3[STATUT PROJET])*(Base[[#Headers],[€ACH Chassis]]=Tableau3[TYPE Autre])*(Tableau3[[31/01/2015]:[31/12/2015]]/1000)) -> 0 | P18: =SUMPRODUCT((Base[[#This Row],[Produit]]=Tableau3[PRODUIT])*(Base[[#This Row],[Date]]=Tableau3[[#Headers],[31/01/2015]:[31/12/2015]])*(Base[[#This Row],[Statut]]=Tableau3[STATUT PROJET])*(Base[[#Headers],[€ACH Carross]]=Tableau3[TYPE Autre])*(Tableau3[[31/01/2015]:[31/12/2015]]/1000)) -> 0 | Q18: =SUMPRODUCT((Base[[#This Row],[Produit]]=Tableau3[PRODUIT])*(Base[[#This Row],[Date]]=Tableau3[[#Headers],[31/01/2015]:[31/12/2015]])*(Base[[#This Row],[Statut]]=Tableau3[STATUT PROJET])*(Base[[#Headers],[€ACH Sces+div]]=Tableau3[TYPE Autre])*(Tableau3[[31/01/2015]:[31/12/2015]]/1000)) -> 0 | R18: =SUMPRODUCT((Base[[#This Row],[Produit]]=Tableau3[PRODUIT])*(Base[[#This Row],[Date]]=Tableau3[[#Headers],[31/01/2015]:[31/12/2015]])*(Base[[#This Row],[Statut]]=Tableau3[STATUT PROJET])*(Base[[#Headers],[Qté MO ESC]]=Tableau3[TYPE Autre])*(Tableau3[[31/01/2015]:[31/12/2015]]/1000)) -> 0 | S18: =SUMPRODUCT((Base[[#This Row],[Produit]]=Tableau3[PRODUIT])*(Base[[#This Row],[Date]]=Tableau3[[#Headers],[31/01/2015]:[31/12/2015]])*(Base[[#This Row],[Statut]]=Tableau3[STATUT PROJET])*(Base[[#Headers],[Qté MO BE]]=Tableau3[TYPE Autre])*(Tableau3[[31/01/2015]:[31/12/2015]]/1000)) -> 0 | T18: =SUMPRODUCT((Base[[#This Row],[Produit]]=Tableau3[PRODUIT])*(Base[[#This Row],[Date]]=Tableau3[[#Headers],[31/01/2015]:[31/12/2015]])*(Base[[#This Row],[Statut]]=Tableau3[STATUT PROJET])*(Base[[#Headers],[Qté MO GTIE]]=Tableau3[TYPE Autre])*(Tableau3[[31/01/2015]:[31/12/2015]]/1000)) -> 0 | U18: =SUMPRODUCT((Base[[#This Row],[Produit]]=Tableau3[PRODUIT])*(Base[[#This Row],[Date]]=Tableau3[[#Headers],[31/01/2015]:[31/12/2015]])*(Base[[#This Row],[Statut]]=Tableau3[STATUT PROJET])*(Base[[#Headers],[Qté MO MNT]]=Tableau3[TYPE Autre])*(Tableau3[[31/01/2015]:[31/12/2015]]/1000)) -> 0 | V18: =SUMPRODUCT((Base[[#This Row],[Produit]]=Tableau3[PRODUIT])*(Base[[#This Row],[Date]]=Tableau3[[#Headers],[31/01/2015]:[31/12/2015]])*(Base[[#This Row],[Statut]]=Tableau3[STATUT PROJET])*(Base[[#Headers],[Qté MO PR]]=Tableau3[TYPE Autre])*(Tableau3[[31/01/2015]:[31/12/2015]]/1000)) -> 0 | W18: =SUMPRODUCT((Base[[#This Row],[Produit]]=Tableau3[PRODUIT])*(Base[[#This Row],[Date]]=Tableau3[[#Headers],[31/01/2015]:[31/12/2015]])*(Base[[#This Row],[Statut]]=Tableau3[STATUT PROJET])*(Base[[#Headers],[Qté MO PROD]]=Tableau3[TYPE Autre])*(Tableau3[[31/01/2015]:[31/12/2015]]/1000)) -> 0 | X18: =SUMPRODUCT((Base[[#This Row],[Produit]]=Tableau3[PRODUIT])*(Base[[#This Row],[Date]]=Tableau3[[#Headers],[31/01/2015]:[31/12/2015]])*(Base[[#This Row],[Statut]]=Tableau3[STATUT PROJET])*(Base[[#Headers],[Qté MO SRS]]=Tableau3[TYPE Autre])*(Tableau3[[31/01/2015]:[31/12/2015]]/1000)) -> 0 | Y18: =SUM(Base[[#This Row],[Qté MO ESC]:[Qté MO SRS]]) -> 0 | Z18: =EOMONTH(BaseActivité!$G18,0) -> 42369
... A30: GTIES | B30: Facturé | G30: 42369 | J30: =IF(YEAR(Base[[#This Row],[Date]])=2015,ROUNDDOWN((MONTH(Base[[#This Row],[Date]])-1)/3,0)+1,"") -> 4 | K30: =SUMPRODUCT((Base[[#This Row],[Produit]]=Tableau3[PRODUIT])*(Base[[#This Row],[Date]]=Tableau3[[#Headers],[31/01/2015]:[31/12/2015]])*(Base[[#This Row],[Statut]]=Tableau3[STATUT PROJET])*(Base[[#Headers],[Tot VTE]]=Tableau3[TYPE Autre])*(Tableau3[[31/01/2015]:[31/12/2015]]/1000)) -> 0 | L30: =SUMPRODUCT((Base[[#This Row],[Produit]]=Tableau3[PRODUIT])*(Base[[#This Row],[Date]]=Tableau3[[#Headers],[31/01/2015]:[31/12/2015]])*(Base[[#This Row],[Statut]]=Tableau3[STATUT PROJET])*(Base[[#Headers],[€TEC FERRRO-R&D]]=Tableau3[TYPE Autre])*(Tableau3[[31/01/2015]:[31/12/2015]]/1000)) -> 0 | M30: =SUMPRODUCT((Base[[#This Row],[Produit]]=Tableau3[PRODUIT])*(Base[[#This Row],[Date]]=Tableau3[[#Headers],[31/01/2015]:[31/12/2015]])*(Base[[#This Row],[Statut]]=Tableau3[STATUT PROJET])*(Base[[#Headers],[€ACH ProdPVI]]=Tableau3[TYPE Autre])*(Tableau3[[31/01/2015]:[31/12/2015]]/1000)) -> 0 | N30: =SUMPRODUCT((Base[[#This Row],[Produit]]=Tableau3[PRODUIT])*(Base[[#This Row],[Date]]=Tableau3[[#Headers],[31/01/2015]:[31/12/2015]])*(Base[[#This Row],[Statut]]=Tableau3[STATUT PROJET])*(Base[[#Headers],[€ACH BBX]]=Tableau3[TYPE Autre])*(Tableau3[[31/01/2015]:[31/12/2015]]/1000)) -> 0 | O30: =SUMPRODUCT((Base[[#This Row],[Produit]]=Tableau3[PRODUIT])*(Base[[#This Row],[Date]]=Tableau3[[#Headers],[31/01/2015]:[31/12/2015]])*(Base[[#This Row],[Statut]]=Tableau3[STATUT PROJET])*(Base[[#Headers],[€ACH Chassis]]=Tableau3[TYPE Autre])*(Tableau3[[31/01/2015]:[31/12/2015]]/1000)) -> 0 | P30: =SUMPRODUCT((Base[[#This Row],[Produit]]=Tableau3[PRODUIT])*(Base[[#This Row],[Date]]=Tableau3[[#Headers],[31/01/2015]:[31/12/2015]])*(Base[[#This Row],[Statut]]=Tableau3[STATUT PROJET])*(Base[[#Headers],[€ACH Carross]]=Tableau3[TYPE Autre])*(Tableau3[[31/01/2015]:[31/12/2015]]/1000)) -> 0 | Q30: =SUMPRODUCT((Base[[#This Row],[Produit]]=Tableau3[PRODUIT])*(Base[[#This Row],[Date]]=Tableau3[[#Headers],[31/01/2015]:[31/12/2015]])*(Base[[#This Row],[Statut]]=Tableau3[STATUT PROJET])*(Base[[#Headers],[€ACH Sces+div]]=Tableau3[TYPE Autre])*(Tableau3[[31/01/2015]:[31/12/2015]]/1000)) -> 0 | R30: =SUMPRODUCT((Base[[#This Row],[Produit]]=Tableau3[PRODUIT])*(Base[[#This Row],[Date]]=Tableau3[[#Headers],[31/01/2015]:[31/12/2015]])*(Base[[#This Row],[Statut]]=Tableau3[STATUT PROJET])*(Base[[#Headers],[Qté MO ESC]]=Tableau3[TYPE Autre])*(Tableau3[[31/01/2015]:[31/12/2015]]/1000)) -> 0 | S30: =SUMPRODUCT((Base[[#This Row],[Produit]]=Tableau3[PRODUIT])*(Base[[#This Row],[Date]]=Tableau3[[#Headers],[31/01/2015]:[31/12/2015]])*(Base[[#This Row],[Statut]]=Tableau3[STATUT PROJET])*(Base[[#Headers],[Qté MO BE]]=Tableau3[TYPE Autre])*(Tableau3[[31/01/2015]:[31/12/2015]]/1000)) -> 0 | T30: =SUMPRODUCT((Base[[#This Row],[Produit]]=Tableau3[PRODUIT])*(Base[[#This Row],[Date]]=Tableau3[[#Headers],[31/01/2015]:[31/12/2015]])*(Base[[#This Row],[Statut]]=Tableau3[STATUT PROJET])*(Base[[#Headers],[Qté MO GTIE]]=Tableau3[TYPE Autre])*(Tableau3[[31/01/2015]:[31/12/2015]]/1000)) -> 0 | U30: =SUMPRODUCT((Base[[#This Row],[Produit]]=Tableau3[PRODUIT])*(Base[[#This Row],[Date]]=Tableau3[[#Headers],[31/01/2015]:[31/12/2015]])*(Base[[#This Row],[Statut]]=Tableau3[STATUT PROJET])*(Base[[#Headers],[Qté MO MNT]]=Tableau3[TYPE Autre])*(Tableau3[[31/01/2015]:[31/12/2015]]/1000)) -> 0 | V30: =SUMPRODUCT((Base[[#This Row],[Produit]]=Tableau3[PRODUIT])*(Base[[#This Row],[Date]]=Tableau3[[#Headers],[31/01/2015]:[31/12/2015]])*(Base[[#This Row],[Statut]]=Tableau3[STATUT PROJET])*(Base[[#Headers],[Qté MO PR]]=Tableau3[TYPE Autre])*(Tableau3[[31/01/2015]:[31/12/2015]]/1000)) -> 0 | W30: =SUMPRODUCT((Base[[#This Row],[Produit]]=Tableau3[PRODUIT])*(Base[[#This Row],[Date]]=Tableau3[[#Headers],[31/01/2015]:[31/12/2015]])*(Base[[#This Row],[Statut]]=Tableau3[STATUT PROJET])*(Base[[#Headers],[Qté MO PROD]]=Tableau3[TYPE Autre])*(Tableau3[[31/01/2015]:[31/12/2015]]/1000)) -> 0 | X30: =SUMPRODUCT((Base[[#This Row],[Produit]]=Tableau3[PRODUIT])*(Base[[#This Row],[Date]]=Tableau3[[#Headers],[31/01/2015]:[31/12/2015]])*(Base[[#This Row],[Statut]]=Tableau3[STATUT PROJET])*(Base[[#Headers],[Qté MO SRS]]=Tableau3[TYPE Autre])*(Tableau3[[31/01/2015]:[31/12/2015]]/1000)) -> 0 | Y30: =SUM(Base[[#This Row],[Qté MO ESC]:[Qté MO SRS]]) -> 0 | Z30: =EOMONTH(BaseActivité!$G30,0) -> 42369
K32: Il ne trouve aucune valeur alors que les conditions me semble respectées
